Workbook

Sheet Evaluación Financiera
A1: FONDO DE DESARROLLO LOCAL DE ANTONIO NARIÑO
A3: PROCESO CONTRATACION | C3: CONCURSO DE MERITOS No. FDLAN-CMA-003-2024
A4: OBJETO | C4: REALIZAR LA INTERVENTORÍA TÉCNICA, ADMINISTRATIVA, JURÍDICA (LEGAL), FINANCIERA (CONTABLE), AMBIENTAL, SOCIAL Y SST AL CONTRATO DE OBRA QUE TIENE POR OBJETO: REALIZAR A TRAVÉS DEL SISTEMA DE PRECIOS UNITARIOS FIJOS Y A MONTO AGOTABLE, LAS ACTIVIDADES DE CONSERVACIÓN (MANTENIMIENTO, PARCHEO, BACHEO, RECONSTRUCCIÓN O REHABILITACIÓN) DE LA MALLA VIAL PRIORIZADOS POR EL FONDO DE DESARROLLO LOCAL DE ANTONIO NARIÑO PARA EL CUMPLIMIENTO DE LAS METAS DEFINIDAS EN LA VIGENCIA 2024.
A5: PRESUPUESTO OFICIAL | C5: 382832288
A6: FECHA DE CIERRE | C6: 30 DE JULIO 2023
A8: REQUISITOS HABILITANTES FINANCIEROS
A9: INDICADORES | D9: PROPONENTE 1: CONSORCIO VIAL 24 | H9: PROPONENTE 2: CONSORCIO METRO CINCO | L9: PROPONENTE 3: CONSORCIO VÍAS GMI | P9: PROPONENTE 4: CONSORCIO AESA - BALER | T9: PROPONENTE 5: ALDEIC SAS BIC | X9: PROPONENTE 6: CONSERVACION AN | AB9: PROPONENTE 7: INTERSA S.A. | AF9: PROPONENTE 8: Consorcio Inper 003 | AJ9: PROPONENTE 9: CONSORCIO MALLA VIAL | AN9: PROPONENTE 10: Consultores Donovan S.A.S | AR9: PROPONENTE 11: PROES INGENIERÍA S.A.S | AV9: PROPONENTE 12: LOGIA 3 ASOCIADOS SAS – BIC | AZ9: PROPONENTE 13: CONSORCIO HUPERNIKAO ANTONIO NARIÑO | BD9: PROPONENTE 14: GEOTECNIA Y CIMIENTOS INGEOCIM S.A.S | BH9: PROPONENTE 15: SESAC S.A | BL9: PROPONENTE 16: CONSORCIO INTER L&J | BP9: PROPONENTE 17: GRUPO POSSO S.A.S L&J | BT9: PROPONENTE 18: NOGAALL S.A.S | BX9: PROPONENTE 19: NPROYECTOS Y CONSULTORÍAS ORIÓN SAS | CB9: PROPONENTE 20: VELNEC S.A. | CF9: PROPONENTE 21: INCORDIS SAS | CJ9: PROPONENTE 22: CONSORCIO ANTONIO NARIÑO JINT 3 | CN9: PROPONENTE 23: ROBLE INGENIERIA S.A.S. | CR9: PROPONENTE 24: CONSORCIO PI VIAL | CV9: PROPONENTE 25: JESAK SAS | CZ9: PROPONENTE 26: INTERVENTORIA Y CONSTRUCIVILES S.A.S | DD9: PROPONENTE 27: PROYECTISTAS DE COLOMBIA & CIA. S.A.S PROYECTCOL S.A.S | DH9: PROPONENTE 28: CIVING INGENIEROS CONTRATISTAS S.A.S - BIC | DL9: PROPONENTE 29: CONSORCIO FCA INGENIERIA | DP9: PROPONENTE 30: CONSTRUCCIONES AXIOMA LTDA | DT9: PROPONENTE 31: CONSORCIO INTERVIAL ICL3 | DX9: PROPONENTE 32: CONSORCIO SF 2023 | EB9: PROPONENTE 33: CONSORCIO INTERVENTORES S&C | EF9: PROPONENTE 34: CONSORCIO YIWU | EJ9: PROPONENTE 35: ARG SAS | EN9: PROPONENTE 36: CONSORCIO SUMAPAZ CI | ER9: PROPONENTE 37: CONSORCIO VÍAS NARIÑO 2024 | EV9: PROPONENTE 38: CONSORCIO INTER-VIAL 2024 | EZ9: PROPONENTE 39: CONSORCIO CAP-OPH-QP. | FD9: PROPONENTE 40: CONSORCIO INTERVIAS ANTONIO NARIÑO 2024 | FH9: PROPONENTE 41: CONSORCIO CODINE-DHE | FL9: PROPONENTE 42: CONSORCIO PMCA CAMINOS | FP9: PROPONENTE 43: INGESCOR LTDA | FT9: PROPONENTE 44: CONSORCIO INTERVIAL MMJ | FX9: PROPONENTE 45: CONSORCIO CB-TALATAA. | GB9: PROPONENTE 46: ING INGENIERIA S.A.S. | GF9: PROPONENTE 47: ARQUITECTURA URBANA LTDA | GJ9: PROPONENTE 48: CONSORCIO R&A, | GN9: PROPONENTE 49: INTERVIAS AN | GR9: PROPONENTE 50: CONSORCIO PROSPERAR VIAS PRIORIZADAS. | GV9: PROPONENTE 51: ALMA Interventoría & Consultoría S.A.S | GZ9: PROPONENTE 52: CONSORCIO CATEK INTERVENTORES. | HD9: PROPONENTE 53: GERMÁN RAMÍREZ BARBOSA, | HH9: PROPONENTE 54: LEMOINE RIVERA INGENEIROS ASOCIADOS S.A.S | HL9: PROPONENTE 55: CONSORCIO DESARROLLO VIAL 2T. | HP9: PROPONENTE 56: CONSORCIO HGR-INCON | HT9: PROPONENTE 57: PROJEKTA LTDA | HX9: PROPONENTE 58: EQUILATERO ARQUITECTURA E INGENIERÍA SAS | IB9: PROPONENTE 59: GEOTECNIA & CIMENTACIONES S.A.S. | IF9: PROPONENTE 60: PRAN CONSTRUCCIONES S.A.S. | IJ9: PROPONENTE 61: JET INGENIERIA SAS | IN9: PROPONENTE 62: Consorcio Interventores Nariño | IR9: PROPONENTE 63: RL CONSORCIO DF10 | IV9: PROPONENTE 64: Soluciones para la ingenierìa | IZ9: PROPONENTE 65: CONSORCIO VIAL GR | JD9: PROPONENTE 66: INGENIEROS CONSTRUCTORES Y ASESORES S.A.S | JH9: PROPONENTE 67: CONSORCIO VIAS ANTONIO NARIÑO | JL9: PROPONENTE 68: CONSORCIO INTERVIAS NARIÑO | JP9: PROPONENTE 69: CONSORCIO MALLA VIAL PROYECTEV 006 | JT9: PROPONENTE 70: CONSORCIO INTERVIAS NARIÑO | JX9: PROPONENTE 71: R&M CONSTRUCCIONES E INTERVENTORIA SAS | KB9: PROPONENTE 72: CONSORCIO INTERVENTORES PRIVIAL
A11: CIFRAS A | D11: =OPERACIONES!C4 -> 45481 | H11: =OPERACIONES!C8 -> 45462 | L11: =OPERACIONES!C12 -> 45484 | P11: =OPERACIONES!C15 -> 45475 | T11: =OPERACIONES!C17 -> 45481 | X11: =OPERACIONES!C20 -> 45483 | AB11: =OPERACIONES!C22 -> 45483 | AF11: =OPERACIONES!C24 -> 45572 | AJ11: =OPERACIONES!C28 -> 45483 | AN11: =OPERACIONES!C30 -> 45460 | AR11: =OPERACIONES!C32 -> 45462 | AV11: =OPERACIONES!C34 -> 45457 | AZ11: =OPERACIONES!C37 -> 45482 | BD11: =OPERACIONES!C39 -> 45463 | BH11: =OPERACIONES!C41 -> 45463 | BL11: =OPERACIONES!C43 -> 45484 | BP11: =OPERACIONES!C46 -> 45483 | BT11: =OPERACIONES!C49 -> 45479 | BX11: =OPERACIONES!C52 -> 45484 | CB11: =OPERACIONES!C54 -> 45484 | CF11: 45291 | CJ11: 45291 | CN11: 45291 | CR11: 45291 | CV11: 45291 | CZ11: 45291 | DD11: 45291 | DH11: 45291 | DL11: 45291 | DP11: 45291 | DT11: 45291 | DX11: 45291 | EB11: 45291 | EF11: 45291 | EJ11: 45291 | EN11: 45291 | ER11: 45291 | EV11: 45291 | EZ11: 45291 | FD11: 45291 | FH11: 45483 | FL11: 45477 | FP11: 45464 | FT11: 45478 | FX11: 45478 | GB11: 45115 | GF11: 45470 | GJ11: 45470 | GN11: 45483 | GR11: 45483 | GV11: 45483 | GZ11: 45471 | HD11: 45484 | HH11: 45464 | HL11: 45463 | HP11: 45483 | HT11: 45484 | HX11: 45476 | IB11: 31/12/2023 | IF11: 45484 | IJ11: 45482 | IN11: 45470 | IR11: 45472 | IV11: 45483 | IZ11: 45460 | JD11: 45468 | JH11: 45484 | JL11: 45482 | JP11: 45477 | JT11: 45482 | JX11: 45470 | KB11: 45464
A12: DETALLE DEL INDICADOR | B12: ÍNDICES REQUERIDOS | C12: VARIABLES DEL PROPONENTE | D12: VALOR VARIABLES SEGÚN RUP E INDICADORES FINANCIEROS | E12: ÍNDICE DEL PROPONENTE | F12: CALIFICACIÓN DEL INDICADOR | H12: VALOR VARIABLES SEGÚN RUP E INDICADORES FINANCIEROS | I12: ÍNDICE DEL PROPONENTE | J12: CALIFICACIÓN DEL INDICADOR | L12: VALOR VARIABLES SEGÚN RUP E INDICADORES FINANCIEROS | M12: ÍNDICE DEL PROPONENTE | N12: CALIFICACIÓN DEL INDICADOR | P12: VALOR VARIABLES SEGÚN RUP E INDICADORES FINANCIEROS | Q12: ÍNDICE DEL PROPONENTE | R12: CALIFICACIÓN DEL INDICADOR | T12: VALOR VARIABLES SEGÚN RUP E INDICADORES FINANCIEROS | U12: ÍNDICE DEL PROPONENTE | V12: CALIFICACIÓN DEL INDICADOR | X12: VALOR VARIABLES SEGÚN RUP E INDICADORES FINANCIEROS | Y12: ÍNDICE DEL PROPONENTE | Z12: CALIFICACIÓN DEL INDICADOR | AB12: VALOR VARIABLES SEGÚN RUP E INDICADORES FINANCIEROS | AC12: ÍNDICE DEL PROPONENTE | AD12: CALIFICACIÓN DEL INDICADOR | AF12: VALOR VARIABLES SEGÚN RUP E INDICADORES FINANCIEROS | AG12: ÍNDICE DEL PROPONENTE | AH12: CALIFICACIÓN DEL INDICADOR | AJ12: VALOR VARIABLES SEGÚN RUP E INDICADORES FINANCIEROS | AK12: ÍNDICE DEL PROPONENTE | AL12: CALIFICACIÓN DEL INDICADOR | AN12: VALOR VARIABLES SEGÚN RUP E INDICADORES FINANCIEROS | AO12: ÍNDICE DEL PROPONENTE | AP12: CALIFICACIÓN DEL INDICADOR | AR12: VALOR VARIABLES SEGÚN RUP E INDICADORES FINANCIEROS | AS12: ÍNDICE DEL PROPONENTE | AT12: CALIFICACIÓN DEL INDICADOR | AV12: VALOR VARIABLES SEGÚN RUP E INDICADORES FINANCIEROS | AW12: ÍNDICE DEL PROPONENTE | AX12: CALIFICACIÓN DEL INDICADOR | AZ12: VALOR VARIABLES SEGÚN RUP E INDICADORES FINANCIEROS | BA12: ÍNDICE DEL PROPONENTE | BB12: CALIFICACIÓN DEL INDICADOR | BD12: VALOR VARIABLES SEGÚN RUP E INDICADORES FINANCIEROS | BE12: ÍNDICE DEL PROPONENTE | BF12: CALIFICACIÓN DEL INDICADOR | BH12: VALOR VARIABLES SEGÚN RUP E INDICADORES FINANCIEROS | BI12: ÍNDICE DEL PROPONENTE | BJ12: CALIFICACIÓN DEL INDICADOR | BL12: VALOR VARIABLES SEGÚN RUP E INDICADORES FINANCIEROS | BM12: ÍNDICE DEL PROPONENTE | BN12: CALIFICACIÓN DEL INDICADOR | BP12: VALOR VARIABLES SEGÚN RUP E INDICADORES FINANCIEROS | BQ12: ÍNDICE DEL PROPONENTE | BR12: CALIFICACIÓN DEL INDICADOR | BT12: VALOR VARIABLES SEGÚN RUP E INDICADORES FINANCIEROS | BU12: ÍNDICE DEL PROPONENTE | BV12: CALIFICACIÓN DEL INDICADOR | BX12: VALOR VARIABLES SEGÚN RUP E INDICADORES FINANCIEROS | BY12: ÍNDICE DEL PROPONENTE | BZ12: CALIFICACIÓN DEL INDICADOR | CB12: VALOR VARIABLES SEGÚN RUP E INDICADORES FINANCIEROS | CC12: ÍNDICE DEL PROPONENTE | CD12: CALIFICACIÓN DEL INDICADOR | CF12: VALOR VARIABLES SEGÚN RUP E INDICADORES FINANCIEROS | CG12: ÍNDICE DEL PROPONENTE | CH12: CALIFICACIÓN DEL INDICADOR | CJ12: VALOR VARIABLES SEGÚN RUP E INDICADORES FINANCIEROS | CK12: ÍNDICE DEL PROPONENTE | CL12: CALIFICACIÓN DEL INDICADOR | CN12: VALOR VARIABLES SEGÚN RUP E INDICADORES FINANCIEROS | CO12: ÍNDICE DEL PROPONENTE | CP12: CALIFICACIÓN DEL INDICADOR | CR12: VALOR VARIABLES SEGÚN RUP E INDICADORES FINANCIEROS | CS12: ÍNDICE DEL PROPONENTE | CT12: CALIFICACIÓN DEL INDICADOR | CV12: VALOR VARIABLES SEGÚN RUP E INDICADORES FINANCIEROS | CW12: ÍNDICE DEL PROPONENTE | CX12: CALIFICACIÓN DEL INDICADOR | CZ12: VALOR VARIABLES SEGÚN RUP E INDICADORES FINANCIEROS | DA12: ÍNDICE DEL PROPONENTE | DB12: CALIFICACIÓN DEL INDICADOR | DD12: VALOR VARIABLES SEGÚN RUP E INDICADORES FINANCIEROS | DE12: ÍNDICE DEL PROPONENTE | DF12: CALIFICACIÓN DEL INDICADOR | DH12: VALOR VARIABLES SEGÚN RUP E INDICADORES FINANCIEROS | DI12: ÍNDICE DEL PROPONENTE | DJ12: CALIFICACIÓN DEL INDICADOR | DL12: VALOR VARIABLES SEGÚN RUP E INDICADORES FINANCIEROS | DM12: ÍNDICE DEL PROPONENTE | DN12: CALIFICACIÓN DEL INDICADOR | DP12: VALOR VARIABLES SEGÚN RUP E INDICADORES FINANCIEROS | DQ12: ÍNDICE DEL PROPONENTE | DR12: CALIFICACIÓN DEL INDICADOR | DT12: VALOR VARIABLES SEGÚN RUP E INDICADORES FINANCIEROS | DU12: ÍNDICE DEL PROPONENTE | DV12: CALIFICACIÓN DEL INDICADOR | DX12: VALOR VARIABLES SEGÚN RUP E INDICADORES FINANCIEROS | DY12: ÍNDICE DEL PROPONENTE | DZ12: CALIFICACIÓN DEL INDICADOR | EB12: VALOR VARIABLES SEGÚN RUP E INDICADORES FINANCIEROS | EC12: ÍNDICE DEL PROPONENTE | ED12: CALIFICACIÓN DEL INDICADOR | EF12: VALOR VARIABLES SEGÚN RUP E INDICADORES FINANCIEROS | EG12: ÍNDICE DEL PROPONENTE | EH12: CALIFICACIÓN DEL INDICADOR | EJ12: VALOR VARIABLES SEGÚN RUP E INDICADORES FINANCIEROS | EK12: ÍNDICE DEL PROPONENTE | EL12: CALIFICACIÓN DEL INDICADOR | EN12: VALOR VARIABLES SEGÚN RUP E INDICADORES FINANCIEROS | EO12: ÍNDICE DEL PROPONENTE | EP12: CALIFICACIÓN DEL INDICADOR | ER12: VALOR VARIABLES SEGÚN RUP E INDICADORES FINANCIEROS | ES12: ÍNDICE DEL PROPONENTE | ET12: CALIFICACIÓN DEL INDICADOR | EV12: VALOR VARIABLES SEGÚN RUP E INDICADORES FINANCIEROS | EW12: ÍNDICE DEL PROPONENTE | EX12: CALIFICACIÓN DEL INDICADOR | EZ12: VALOR VARIABLES SEGÚN RUP E INDICADORES FINANCIEROS | FA12: ÍNDICE DEL PROPONENTE | FB12: CALIFICACIÓN DEL INDICADOR | FD12: VALOR VARIABLES SEGÚN RUP E INDICADORES FINANCIEROS | FE12: ÍNDICE DEL PROPONENTE | FF12: CALIFICACIÓN DEL INDICADOR | FH12: VALOR VARIABLES SEGÚN RUP E INDICADORES FINANCIEROS | FI12: ÍNDICE DEL PROPONENTE | FJ12: CALIFICACIÓN DEL INDICADOR | FL12: VALOR VARIABLES SEGÚN RUP E INDICADORES FINANCIEROS | FM12: ÍNDICE DEL PROPONENTE | FN12: CALIFICACIÓN DEL INDICADOR | FP12: VALOR VARIABLES SEGÚN RUP E INDICADORES FINANCIEROS | FQ12: ÍNDICE DEL PROPONENTE | FR12: CALIFICACIÓN DEL INDICADOR | FT12: VALOR VARIABLES SEGÚN RUP E INDICADORES FINANCIEROS | FU12: ÍNDICE DEL PROPONENTE | FV12: CALIFICACIÓN DEL INDICADOR | FX12: VALOR VARIABLES SEGÚN RUP E INDICADORES FINANCIEROS | FY12: ÍNDICE DEL PROPONENTE | FZ12: CALIFICACIÓN DEL INDICADOR | GB12: VALOR VARIABLES SEGÚN RUP E INDICADORES FINANCIEROS | GC12: ÍNDICE DEL PROPONENTE | GD12: CALIFICACIÓN DEL INDICADOR | GF12: VALOR VARIABLES SEGÚN RUP E INDICADORES FINANCIEROS | GG12: ÍNDICE DEL PROPONENTE | GH12: CALIFICACIÓN DEL INDICADOR | GJ12: VALOR VARIABLES SEGÚN RUP E INDICADORES FINANCIEROS | GK12: ÍNDICE DEL PROPONENTE | GL12: CALIFICACIÓN DEL INDICADOR | GN12: VALOR VARIABLES SEGÚN RUP E INDICADORES FINANCIEROS | GO12: ÍNDICE DEL PROPONENTE | GP12: CALIFICACIÓN DEL INDICADOR | GR12: VALOR VARIABLES SEGÚN RUP E INDICADORES FINANCIEROS | GS12: ÍNDICE DEL PROPONENTE | GT12: CALIFICACIÓN DEL INDICADOR | GV12: VALOR VARIABLES SEGÚN RUP E INDICADORES FINANCIEROS | GW12: ÍNDICE DEL PROPONENTE | GX12: CALIFICACIÓN DEL INDICADOR | GZ12: VALOR VARIABLES SEGÚN RUP E INDICADORES FINANCIEROS | HA12: ÍNDICE DEL PROPONENTE | HB12: CALIFICACIÓN DEL INDICADOR | HD12: VALOR VARIABLES SEGÚN RUP E INDICADORES FINANCIEROS | HE12: ÍNDICE DEL PROPONENTE | HF12: CALIFICACIÓN DEL INDICADOR | HH12: VALOR VARIABLES SEGÚN RUP E INDICADORES FINANCIEROS | HI12: ÍNDICE DEL PROPONENTE | HJ12: CALIFICACIÓN DEL INDICADOR | HL12: VALOR VARIABLES SEGÚN RUP E INDICADORES FINANCIEROS | HM12: ÍNDICE DEL PROPONENTE | HN12: CALIFICACIÓN DEL INDICADOR | HP12: VALOR VARIABLES SEGÚN RUP E INDICADORES FINANCIEROS | HQ12: ÍNDICE DEL PROPONENTE | HR12: CALIFICACIÓN DEL INDICADOR | HT12: VALOR VARIABLES SEGÚN RUP E INDICADORES FINANCIEROS | HU12: ÍNDICE DEL PROPONENTE | HV12: CALIFICACIÓN DEL INDICADOR | HX12: VALOR VARIABLES SEGÚN RUP E INDICADORES FINANCIEROS | HY12: ÍNDICE DEL PROPONENTE | HZ12: CALIFICACIÓN DEL INDICADOR | IB12: VALOR VARIABLES SEGÚN RUP E INDICADORES FINANCIEROS | IC12: ÍNDICE DEL PROPONENTE | ID12: CALIFICACIÓN DEL INDICADOR | IF12: VALOR VARIABLES SEGÚN RUP E INDICADORES FINANCIEROS | IG12: ÍNDICE DEL PROPONENTE | IH12: CALIFICACIÓN DEL INDICADOR | IJ12: VALOR VARIABLES SEGÚN RUP E INDICADORES FINANCIEROS | IK12: ÍNDICE DEL PROPONENTE | IL12: CALIFICACIÓN DEL INDICADOR | IN12: VALOR VARIABLES SEGÚN RUP E INDICADORES FINANCIEROS | IO12: ÍNDICE DEL PROPONENTE | IP12: CALIFICACIÓN DEL INDICADOR | IR12: VALOR VARIABLES SEGÚN RUP E INDICADORES FINANCIEROS | IS12: ÍNDICE DEL PROPONENTE | IT12: CALIFICACIÓN DEL INDICADOR | IV12: VALOR VARIABLES SEGÚN RUP E INDICADORES FINANCIEROS | IW12: ÍNDICE DEL PROPONENTE | IX12: CALIFICACIÓN DEL INDICADOR | IZ12: VALOR VARIABLES SEGÚN RUP E INDICADORES FINANCIEROS | JA12: ÍNDICE DEL PROPONENTE | JB12: CALIFICACIÓN DEL INDICADOR | JD12: VALOR VARIABLES SEGÚN RUP E INDICADORES FINANCIEROS | JE12: ÍNDICE DEL PROPONENTE | JF12: CALIFICACIÓN DEL INDICADOR | JH12: VALOR VARIABLES SEGÚN RUP E INDICADORES FINANCIEROS | JI12: ÍNDICE DEL PROPONENTE | JJ12: CALIFICACIÓN DEL INDICADOR | JL12: VALOR VARIABLES SEGÚN RUP E INDICADORES FINANCIEROS | JM12: ÍNDICE DEL PROPONENTE | JN12: CALIFICACIÓN DEL INDICADOR | JP12: VALOR VARIABLES SEGÚN RUP E INDICADORES FINANCIEROS | JQ12: ÍNDICE DEL PROPONENTE | JR12: CALIFICACIÓN DEL INDICADOR | JT12: VALOR VARIABLES SEGÚN RUP E INDICADORES FINANCIEROS | JU12: ÍNDICE DEL PROPONENTE | JV12: CALIFICACIÓN DEL INDICADOR | JX12: VALOR VARIABLES SEGÚN RUP E INDICADORES FINANCIEROS | JY12: ÍNDICE DEL PROPONENTE | JZ12: CALIFICACIÓN DEL INDICADOR | KB12: VALOR VARIABLES SEGÚN RUP E INDICADORES FINANCIEROS | KC12: ÍNDICE DEL PROPONENTE | KD12: CALIFICACIÓN DEL INDICADOR
A13: REQUISITOS HABILITANTES FINANCIEROS
A14: LIQUIDEZ | B14: Mipyme Mayor o igual a 1,11 Gran empresa Mayor o igual a 1,21 (Activo corriente dividido por pasivo corriente) | C14: ACTIVO CORRIENTE | D14: 216386000 | E14: =+D14/D15 -> 0.42947204 | F14: =IF(OR(E14>=1.11,E14="INDETERMINADO"),"CUMPLE","NO CUMPLE") -> NO CUMPLE | H14: 4963426321 | I14: =+H14/H15 -> 22.354347 | J14: =IF(OR(I14>=1.11,I14="INDETERMINADO"),"CUMPLE","NO CUMPLE") -> CUMPLE | L14: 1807164114 | M14: =+L14/L15 -> 2.526777 | N14: =IF(OR(M14>=1.11,M14="INDETERMINADO"),"CUMPLE","NO CUMPLE") -> CUMPLE | P14: 1153707113 | Q14: =+P14/P15 -> 6.6660601 | R14: =IF(OR(Q14>=1.11,Q14="INDETERMINADO"),"CUMPLE","NO CUMPLE") -> CUMPLE | T14: 1497049088 | U14: =+T14/T15 -> 20.642319 | V14: =IF(OR(U14>=1.21,U14="INDETERMINADO"),"CUMPLE","NO CUMPLE") -> CUMPLE | X14: 13755169072 | Y14: =+X14/X15 -> 7.2934539 | Z14: =IF(OR(Y14>=1.11,Y14="INDETERMINADO"),"CUMPLE","NO CUMPLE") -> CUMPLE | AB14: 3238017000 | AC14: =+AB14/AB15 -> 3.3319651 | AD14: =IF(OR(AC14>=1.21,AC14="INDETERMINADO"),"CUMPLE","NO CUMPLE") -> CUMPLE | AF14: 601678164 | AG14: =+AF14/AF15 -> 30.393407 | AH14: =IF(OR(AG14>=1.11,AG14="INDETERMINADO"),"CUMPLE","NO CUMPLE") -> CUMPLE | AJ14: 3281950102 | AK14: =+AJ14/AJ15 -> 20.420253 | AL14: =IF(OR(AK14>=1.11,AK14="INDETERMINADO"),"CUMPLE","NO CUMPLE") -> CUMPLE | AN14: 5047281689 | AO14: =+AN14/AN15 -> 6.0995554 | AP14: =IF(OR(AO14>=1.21,AO14="INDETERMINADO"),"CUMPLE","NO CUMPLE") -> CUMPLE | AR14: 2034116355 | AS14: =+AR14/AR15 -> 1.9200626 | AT14: =IF(OR(AS14>=1.21,AS14="INDETERMINADO"),"CUMPLE","NO CUMPLE") -> CUMPLE | AV14: 1695535303 | AW14: =+AV14/AV15 -> 6.1945349 | AX14: =IF(OR(AW14>=1.21,AW14="INDETERMINADO"),"CUMPLE","NO CUMPLE") -> CUMPLE | AZ14: 1077840129 | BA14: =+AZ14/AZ15 -> 5.1678787 | BB14: =IF(OR(BA14>=1.11,BA14="INDETERMINADO"),"CUMPLE","NO CUMPLE") -> CUMPLE | BD14: 16807870436 | BE14: =+BD14/BD15 -> 3.4461372 | BF14: =IF(OR(BE14>=1.21,BE14="INDETERMINADO"),"CUMPLE","NO CUMPLE") -> CUMPLE | BH14: 3596832567 | BI14: =+BH14/BH15 -> 7.7613843 | BJ14: =IF(OR(BI14>=1.21,BI14="INDETERMINADO"),"CUMPLE","NO CUMPLE") -> CUMPLE | BL14: 883576406 | BM14: =+BL14/BL15 -> 12.851018 | BN14: =IF(OR(BM14>=1.11,BM14="INDETERMINADO"),"CUMPLE","NO CUMPLE") -> CUMPLE | BP14: 7592210005 | BQ14: =+BP14/BP15 -> 2.119529 | BR14: =IF(OR(BQ14>=1.11,BQ14="INDETERMINADO"),"CUMPLE","NO CUMPLE") -> CUMPLE | BT14: 5426605201 | BU14: =+BT14/BT15 -> 3.7189943 | BV14: =IF(OR(BU14>=1.21,BU14="INDETERMINADO"),"CUMPLE","NO CUMPLE") -> CUMPLE | BX14: 1204143200 | BY14: =+BX14/BX15 -> 5.2839301 | BZ14: =IF(OR(BY14>=1.11,BY14="INDETERMINADO"),"CUMPLE","NO CUMPLE") -> CUMPLE | CB14: 6718327378 | CC14: =+CB14/CB15 -> 2.4518036 | CD14: =IF(OR(CC14>=1.21,CC14="INDETERMINADO"),"CUMPLE","NO CUMPLE") -> CUMPLE | CF14: 2.8992158e+09 | CG14: =+CF14/CF15 -> 4.5660743 | CH14: =IF(OR(CG14>=1.11,CG14="INDETERMINADO"),"CUMPLE","NO CUMPLE") -> CUMPLE | CJ14: 5491361600 | CK14: =+CJ14/CJ15 -> 6.4297464 | CL14: =IF(OR(CK14>=1.11,CK14="INDETERMINADO"),"CUMPLE","NO CUMPLE") -> CUMPLE | CN14: 349152723 | CO14: =+CN14/CN15 -> 1.9823566 | CP14: =IF(OR(CO14>=1.21,CO14="INDETERMINADO"),"CUMPLE","NO CUMPLE") -> CUMPLE | CR14: 7.7435938e+09 | CS14: =+CR14/CR15 -> 4.911641 | CT14: =IF(OR(CS14>=1.21,CS14="INDETERMINADO"),"CUMPLE","NO CUMPLE") -> CUMPLE | CV14: 714874822 | CW14: =+CV14/CV15 -> 7.9057648 | CX14: =IF(OR(CW14>=1.11,CW14="INDETERMINADO"),"CUMPLE","NO CUMPLE") -> CUMPLE | CZ14: 2431206980 | DA14: =+CZ14/CZ15 -> 4.1381293 | DB14: =IF(OR(DA14>=1.21,DA14="INDETERMINADO"),"CUMPLE","NO CUMPLE") -> CUMPLE | DD14: 2857627624 | DE14: =+DD14/DD15 -> 23.814773 | DF14: =IF(OR(DE14>=1.11,DE14="INDETERMINADO"),"CUMPLE","NO CUMPLE") -> CUMPLE | DH14: 4642280968 | DI14: =+DH14/DH15 -> 46.550838 | DJ14: =IF(OR(DI14>=1.11,DI14="INDETERMINADO"),"CUMPLE","NO CUMPLE") -> CUMPLE | DL14: 3.2907398e+09 | DM14: =+DL14/DL15 -> 3.0890042 | DN14: =IF(OR(DM14>=1.11,DM14="INDETERMINADO"),"CUMPLE","NO CUMPLE") -> CUMPLE | DP14: 915134000 | DQ14: =+DP14/DP15 -> 11.749509 | DR14: =IF(OR(DQ14>=1.11,DQ14="INDETERMINADO"),"CUMPLE","NO CUMPLE") -> CUMPLE | DT14: 1.5963865e+09 | DU14: =+DT14/DT15 -> 7.5635757 | DV14: =IF(OR(DU14>=1.11,DU14="INDETERMINADO"),"CUMPLE","NO CUMPLE") -> CUMPLE | DX14: 6.8977499e+08 | DY14: =+DX14/DX15 -> 7.4822294 | DZ14: =IF(OR(DY14>=1.11,DY14="INDETERMINADO"),"CUMPLE","NO CUMPLE") -> CUMPLE | EB14: 5.4958881e+09 | EC14: =+EB14/EB15 -> 2.6068604 | ED14: =IF(OR(EC14>=1.21,EC14="INDETERMINADO"),"CUMPLE","NO CUMPLE") -> CUMPLE | EF14: 4.7344584e+09 | EG14: =+EF14/EF15 -> 62.346264 | EH14: =IF(OR(EG14>=1.11,EG14="INDETERMINADO"),"CUMPLE","NO CUMPLE") -> CUMPLE | EJ14: 1341461675 | EK14: =+EJ14/EJ15 -> 5.4598148 | EL14: =IF(OR(EK14>=1.21,EK14="INDETERMINADO"),"CUMPLE","NO CUMPLE") -> CUMPLE | EN14: 2.7966834e+09 | EO14: =+EN14/EN15 -> 3.3810262 | EP14: =IF(OR(EO14>=1.11,EO14="INDETERMINADO"),"CUMPLE","NO CUMPLE") -> CUMPLE | ER14: 2262853500 | ES14: =+ER14/ER15 -> 12.316826 | ET14: =IF(OR(ES14>=1.11,ES14="INDETERMINADO"),"CUMPLE","NO CUMPLE") -> CUMPLE | EV14: 5.1990805e+08 | EW14: =+EV14/EV15 -> 20.155784 | EX14: =IF(OR(EW14>=1.21,EW14="INDETERMINADO"),"CUMPLE","NO CUMPLE") -> CUMPLE | EZ14: 7.7405173e+08 | FA14: =+EZ14/EZ15 -> 169.86638 | FB14: =IF(OR(FA14>=1.21,FA14="INDETERMINADO"),"CUMPLE","NO CUMPLE") -> CUMPLE | FD14: 1165610672 | FE14: =+FD14/FD15 -> 13.729971 | FF14: =IF(OR(FE14>=1.11,FE14="INDETERMINADO"),"CUMPLE","NO CUMPLE") -> CUMPLE | FH14: 47072601 | FI14: =FH14/FH15 -> 539.77141 | FJ14: =IF(OR(FI14>=1.11,FI14="INDETERMINADO"),"CUMPLE","NO CUMPLE") -> CUMPLE | FL14: 7.4259444e+08 | FM14: =+FL14/FL15 -> 82.64824 | FN14: =IF(OR(FM14>=1.11,FM14="INDETERMINADO"),"CUMPLE","NO CUMPLE") -> CUMPLE | FP14: 9935202000 | FQ14: =+FP14/FP15 -> 20.874378 | FR14: =IF(OR(FQ14>=1.11,FQ14="INDETERMINADO"),"CUMPLE","NO CUMPLE") -> CUMPLE | FT14: 3.4690192e+09 | FU14: =+FT14/FT15 -> 95.313921 | FV14: =IF(OR(FU14>=1.11,FU14="INDETERMINADO"),"CUMPLE","NO CUMPLE") -> CUMPLE | FX14: 7.7529194e+08 | FY14: =+FX14/FX15 -> 8890.147 | FZ14: =IF(OR(FY14>=1.11,FY14="INDETERMINADO"),"CUMPLE","NO CUMPLE") -> CUMPLE | GB14: 7820788987 | GC14: =+GB14/GB15 -> 5.1091808 | GD14: =IF(OR(GC14>=1.11,GC14="INDETERMINADO"),"CUMPLE","NO CUMPLE") -> CUMPLE | GF14: 1443112217 | GG14: =+GF14/GF15 -> 8.4229379 | GH14: =IF(OR(GG14>=1.11,GG14="INDETERMINADO"),"CUMPLE","NO CUMPLE") -> CUMPLE | GJ14: 112588691 | GK14: =+GJ14/GJ15 -> 529.57992 | GL14: =IF(OR(GK14>=1.11,GK14="INDETERMINADO"),"CUMPLE","NO CUMPLE") -> CUMPLE | GN14: 6.3262081e+08 | GO14: =+GN14/GN15 -> 26.921052 | GP14: =IF(OR(GO14>=1.11,GO14="INDETERMINADO"),"CUMPLE","NO CUMPLE") -> CUMPLE | GR14: 1.1228737e+10 | GS14: =+GR14/GR15 -> 5.6079553 | GT14: =IF(OR(GS14>=1.11,GS14="INDETERMINADO"),"CUMPLE","NO CUMPLE") -> CUMPLE | GV14: 1806657067 | GW14: =+GV14/GV15 -> 3.8519312 | GX14: =IF(OR(GW14>=1.11,GW14="INDETERMINADO"),"CUMPLE","NO CUMPLE") -> CUMPLE | GZ14: 2.5804843e+09 | HA14: =+GZ14/GZ15 -> 2.1769313 | HB14: =IF(OR(HA14>=1.11,HA14="INDETERMINADO"),"CUMPLE","NO CUMPLE") -> CUMPLE | HD14: 3372957000 | HE14: =+HD14/HD15 -> 28.032987 | HF14: =IF(OR(HE14>=1.11,HE14="INDETERMINADO"),"CUMPLE","NO CUMPLE") -> CUMPLE | HH14: 983293161 | HI14: =+HH14/HH15 -> 12.937283 | HJ14: =IF(OR(HI14>=1.11,HI14="INDETERMINADO"),"CUMPLE","NO CUMPLE") -> CUMPLE | HL14: 2.2596872e+09 | HM14: =+HL14/HL15 -> 5.0485034 | HN14: =IF(OR(HM14>=1.11,HM14="INDETERMINADO"),"CUMPLE","NO CUMPLE") -> CUMPLE | HP14: 2.4115026e+09 | HQ14: =+HP14/HP15 -> 2.0650604 | HR14: =IF(OR(HQ14>=1.11,HQ14="INDETERMINADO"),"CUMPLE","NO CUMPLE") -> CUMPLE | HT14: 2372629126 | HU14: =+HT14/HT15 -> 2.0674989 | HV14: =IF(OR(HU14>=1.11,HU14="INDETERMINADO"),"CUMPLE","NO CUMPLE") -> CUMPLE | HX14: 585747642 | HY14: =+HX14/HX15 -> 6.9268468 | HZ14: =IF(OR(HY14>=1.11,HY14="INDETERMINADO"),"CUMPLE","NO CUMPLE") -> CUMPLE | IB14: 6544801535 | IC14: =+IB14/IB15 -> 5.5864049 | ID14: =IF(OR(IC14>=1.11,IC14="INDETERMINADO"),"CUMPLE","NO CUMPLE") -> CUMPLE | IF14: 1834807134 | IG14: =+IF14/IF15 -> 61.160238 | IH14: =IF(OR(IG14>=1.11,IG14="INDETERMINADO"),"CUMPLE","NO CUMPLE") -> CUMPLE | IJ14: 3368364361 | IK14: 3.3650182 | IL14: CUMPLE | IN14: 5.1909025e+08 | IO14: 4.3111572 | IP14: CUMPLE | IR14: 1.4106566e+09 | IS14: 1.7076285 | IT14: CUMPLE | IV14: 1248453000 | IW14: 118.90029 | IX14: CUMPLE | IZ14: 55005683 | JA14: 12.039685 | JB14: CUMPLE | JD14: 7097414473 | JE14: 6.4464695 | JF14: CUMPLE | JH14: 1.8591555e+09 | JI14: 1.8174831 | JJ14: CUMPLE | JL14: 2069696238 | JM14: 7.6937251 | JN14: CUMPLE | JP14: 4245152113 | JQ14: 8.4453895 | JR14: CUMPLE | JT14: 2069696238 | JU14: 7.6937251 | JV14: CUMPLE | JX14: 4491555369 | JY14: 3.7043482 | JZ14: CUMPLE | KB14: 2066005500 | KC14: 0.84111396 | KD14: NO CUMPLE
C15: PASIVO CORRIENTE | D15: 503841885 | H15: 222034051 | L15: 715205212 | P15: 173071815 | T15: 72523300 | X15: 1885960924 | AB15: 971804000 | AF15: 19796338 | AJ15: 160720347 | AN15: 827483542 | AR15: 1059401070 | AV15: 273714705 | AZ15: 208565291 | BD15: 4877307408 | BH15: 463426683 | BL15: 68755365 | BP15: 3582026933 | BT15: 1459159314 | BX15: 227887800 | CB15: 2740157238 | CF15: 6.3494714e+08 | CJ15: 854055700 | CN15: 176130127 | CR15: 1.5765798e+09 | CV15: 90424499 | CZ15: 587513530 | DD15: 119993906 | DH15: 99724970 | DL15: 1.0653076e+09 | DP15: 77887000 | DT15: 211062405 | DX15: 92188431 | EB15: 2.1082402e+09 | EF15: 75938125 | EJ15: 245697285 | EN15: 8.2716999e+08 | ER15: 183720500 | EV15: 25794485 | EZ15: 4556827.2 | FD15: 84895350 | FH15: 87208.4 | FL15: 8985000 | FP15: 475952000 | FT15: 36395724 | FX15: 87208 | GB15: 1530732491 | GF15: 171331219 | GJ15: 212600 | GN15: 23499112 | GR15: 2.0022871e+09 | GV15: 469026306 | GZ15: 1.185377e+09 | HD15: 120321000 | HH15: 76004612 | HL15: 4.4759545e+08 | HP15: 1.1677637e+09 | HT15: 1147584222 | HX15: 84561945 | IB15: 1171558751 | IF15: 30000000 | IJ15: 1000994390 | IN15: 120406244 | IR15: 826090991 | IV15: 10500000 | IZ15: 4568698 | JD15: 1100976967 | JH15: 1.0229286e+09 | JL15: 269010943 | JP15: 5.0265913e+08 | JT15: 269010943 | JX15: 1212508964 | KB15: 2456273000
A16: NIVEL DE ENDEUDAMIENTO | B16: Mipyme Menor o igual a 0.75 Gran empresa Menor o igual a 70% (Pasivo total sobre activo Total)X100 | C16: PASIVO TOTAL | D16: 5255852373 | E16: =D16/D17 -> 2.1199616 | F16: =IF(OR(E16<=0.75,E16="INDETERMINADO"),"CUMPLE","NO CUMPLE") -> NO CUMPLE | H16: 489082692 | I16: =H16/H17 -> 0.089777062 | J16: =IF(OR(I16<=0.75,I16="INDETERMINADO"),"CUMPLE","NO CUMPLE") -> CUMPLE | L16: 715205212 | M16: =L16/L17 -> 0.38801666 | N16: =IF(OR(M16<=0.75,M16="INDETERMINADO"),"CUMPLE","NO CUMPLE") -> CUMPLE | P16: 569992833 | Q16: =P16/P17 -> 0.44519024 | R16: =IF(OR(Q16<=0.75,Q16="INDETERMINADO"),"CUMPLE","NO CUMPLE") -> CUMPLE | T16: 277523300 | U16: =T16/T17 -> 0.18538023 | V16: =IF(OR(U16<=0.7,U16="INDETERMINADO"),"CUMPLE","NO CUMPLE") -> CUMPLE | X16: 2792413008 | Y16: =X16/X17 -> 0.18712909 | Z16: =IF(OR(Y16<=0.75,Y16="INDETERMINADO"),"CUMPLE","NO CUMPLE") -> CUMPLE | AB16: 1304923000 | AC16: =AB16/AB17 -> 0.39691073 | AD16: =IF(OR(AC16<=0.7,AC16="INDETERMINADO"),"CUMPLE","NO CUMPLE") -> CUMPLE | AF16: 146698115 | AG16: =AF16/AF17 -> 0.14569332 | AH16: =IF(OR(AG16<=0.75,AG16="INDETERMINADO"),"CUMPLE","NO CUMPLE") -> CUMPLE | AJ16: 487881187 | AK16: =AJ16/AJ17 -> 0.6048638 | AL16: =IF(OR(AK16<=0.75,AK16="INDETERMINADO"),"CUMPLE","NO CUMPLE") -> CUMPLE | AN16: 2287133103 | AO16: =AN16/AN17 -> 0.44288853 | AP16: =IF(OR(AO16<=0.7,AO16="INDETERMINADO"),"CUMPLE","NO CUMPLE") -> CUMPLE | AR16: 2086464752 | AS16: =AR16/AR17 -> 0.67662703 | AT16: =IF(OR(AS16<=0.7,AS16="INDETERMINADO"),"CUMPLE","NO CUMPLE") -> CUMPLE | AV16: 323714705 | AW16: =AV16/AV17 -> 0.17394382 | AX16: =IF(OR(AW16<=0.7,AW16="INDETERMINADO"),"CUMPLE","NO CUMPLE") -> CUMPLE | AZ16: 347918787 | BA16: =AZ16/AZ17 -> 0.28568278 | BB16: =IF(OR(BA16<=0.75,BA16="INDETERMINADO"),"CUMPLE","NO CUMPLE") -> CUMPLE | BD16: 7639557061 | BE16: =BD16/BD17 -> 0.44882166 | BF16: =IF(OR(BE16<=0.7,BE16="INDETERMINADO"),"CUMPLE","NO CUMPLE") -> CUMPLE | BH16: 592968124 | BI16: =BH16/BH17 -> 0.15282749 | BJ16: =IF(OR(BI16<=0.7,BI16="INDETERMINADO"),"CUMPLE","NO CUMPLE") -> CUMPLE | BL16: 186640865 | BM16: =BL16/BL17 -> 0.10522508 | BN16: =IF(OR(BM16<=0.75,BM16="INDETERMINADO"),"CUMPLE","NO CUMPLE") -> CUMPLE | BP16: 4106628414 | BQ16: =BP16/BP17 -> 0.36830859 | BR16: =IF(OR(BQ16<=0.75,BQ16="INDETERMINADO"),"CUMPLE","NO CUMPLE") -> CUMPLE | BT16: 4358658015 | BU16: =BT16/BT17 -> 0.4918834 | BV16: =IF(OR(BU16<=0.7,BU16="INDETERMINADO"),"CUMPLE","NO CUMPLE") -> CUMPLE | BX16: 227887800 | BY16: =BX16/BX17 -> 0.13165589 | BZ16: =IF(OR(BY16<=0.75,BY16="INDETERMINADO"),"CUMPLE","NO CUMPLE") -> CUMPLE | CB16: 4928180379 | CC16: =CB16/CB17 -> 0.42894826 | CD16: =IF(OR(CC16<=0.7,CC16="INDETERMINADO"),"CUMPLE","NO CUMPLE") -> CUMPLE | CF16: 1.4285577e+09 | CG16: =CF16/CF17 -> 0.35686786 | CH16: =IF(OR(CG16<=0.75,CG16="INDETERMINADO"),"CUMPLE","NO CUMPLE") -> CUMPLE | CJ16: 1670528600 | CK16: =CJ16/CJ17 -> 0.26688798 | CL16: =IF(OR(CK16<=0.75,CK16="INDETERMINADO"),"CUMPLE","NO CUMPLE") -> CUMPLE | CN16: 176130127 | CO16: =CN16/CN17 -> 0.5044501 | CP16: =IF(OR(CO16<=0.7,CO16="INDETERMINADO"),"CUMPLE","NO CUMPLE") -> CUMPLE | CR16: 1.7347964e+09 | CS16: =CR16/CR17 -> 0.2045785 | CT16: =IF(OR(CS16<=0.7,CS16="INDETERMINADO"),"CUMPLE","NO CUMPLE") -> CUMPLE | CV16: 90424499 | CW16: =CV16/CV17 -> 0.12173307 | CX16: =IF(OR(CW16<=0.75,CW16="INDETERMINADO"),"CUMPLE","NO CUMPLE") -> CUMPLE | CZ16: 587513530 | DA16: =CZ16/CZ17 -> 0.15328061 | DB16: =IF(OR(DA16<=0.7,DA16="INDETERMINADO"),"CUMPLE","NO CUMPLE") -> CUMPLE | DD16: 119993906 | DE16: =DD16/DD17 -> 0.041307824 | DF16: =IF(OR(DE16<=0.75,DE16="INDETERMINADO"),"CUMPLE","NO CUMPLE") -> CUMPLE | DH16: 99724970 | DI16: =DH16/DH17 -> 0.020861605 | DJ16: =IF(OR(DI16<=0.75,DI16="INDETERMINADO"),"CUMPLE","NO CUMPLE") -> CUMPLE | DL16: 1.7759784e+09 | DM16: =DL16/DL17 -> 0.53126759 | DN16: =IF(OR(DM16<=0.75,DM16="INDETERMINADO"),"CUMPLE","NO CUMPLE") -> CUMPLE | DP16: 132260000 | DQ16: =DP16/DP17 -> 0.13717171 | DR16: =IF(OR(DQ16<=0.75,DQ16="INDETERMINADO"),"CUMPLE","NO CUMPLE") -> CUMPLE | DT16: 3.5868764e+08 | DU16: =DT16/DT17 -> 0.19308351 | DV16: =IF(OR(DU16<=0.75,DU16="INDETERMINADO"),"CUMPLE","NO CUMPLE") -> CUMPLE | DX16: 98887401 | DY16: =DX16/DX17 -> 0.14247366 | DZ16: =IF(OR(DY16<=0.75,DY16="INDETERMINADO"),"CUMPLE","NO CUMPLE") -> CUMPLE | EB16: 4.7681539e+09 | EC16: =EB16/EB17 -> 0.5702123 | ED16: =IF(OR(EC16<=0.7,EC16="INDETERMINADO"),"CUMPLE","NO CUMPLE") -> CUMPLE | EF16: 141263965 | EG16: =EF16/EF17 -> 0.029759986 | EH16: =IF(OR(EG16<=0.75,EG16="INDETERMINADO"),"CUMPLE","NO CUMPLE") -> CUMPLE | EJ16: 562473937 | EK16: =EJ16/EJ17 -> 0.35631512 | EL16: =IF(OR(EK16<=0.7,EK16="INDETERMINADO"),"CUMPLE","NO CUMPLE") -> CUMPLE | EN16: 1.3301262e+09 | EO16: =EN16/EN17 -> 0.47123744 | EP16: =IF(OR(EO16<=0.75,EO16="INDETERMINADO"),"CUMPLE","NO CUMPLE") -> CUMPLE | ER16: 216822500 | ES16: =ER16/ER17 -> 0.052939304 | ET16: =IF(OR(ES16<=0.75,ES16="INDETERMINADO"),"CUMPLE","NO CUMPLE") -> CUMPLE | EV16: 40164918 | EW16: =EV16/EV17 -> 0.075325377 | EX16: =IF(OR(EW16<=0.7,EW16="INDETERMINADO"),"CUMPLE","NO CUMPLE") -> CUMPLE | EZ16: 4556827.2 | FA16: =EZ16/EZ17 -> 0.00493797 | FB16: =IF(OR(FA16<=0.7,FA16="INDETERMINADO"),"CUMPLE","NO CUMPLE") -> CUMPLE | FD16: 290356539 | FE16: =FD16/FD17 -> 0.17632324 | FF16: =IF(OR(FE16<=0.75,FE16="INDETERMINADO"),"CUMPLE","NO CUMPLE") -> CUMPLE | FH16: 87208.4 | FI16: =FH16/FH17 -> 0.0018526361 | FJ16: =IF(OR(FI16<=0.75,FI16="INDETERMINADO"),"CUMPLE","NO CUMPLE") -> CUMPLE | FL16: 95385000 | FM16: =FL16/FL17 -> 0.048593547 | FN16: =IF(OR(FM16<=0.75,FM16="INDETERMINADO"),"CUMPLE","NO CUMPLE") -> CUMPLE | FP16: 5198760 | FQ16: =FP16/FP17 -> 0.00042353217 | FR16: =IF(OR(FQ16<=0.75,FQ16="INDETERMINADO"),"CUMPLE","NO CUMPLE") -> CUMPLE | FT16: 4.9782535e+08 | FU16: =FT16/FT17 -> 0.10755542 | FV16: =IF(OR(FU16<=0.75,FU16="INDETERMINADO"),"CUMPLE","NO CUMPLE") -> CUMPLE | FX16: 87208 | FY16: =FX16/FX17 -> 0.00010452678 | FZ16: =IF(OR(FY16<=0.75,FY16="INDETERMINADO"),"CUMPLE","NO CUMPLE") -> CUMPLE | GB16: 6167156515 | GC16: =GB16/GB17 -> 0.64762189 | GD16: =IF(OR(GC16<=0.75,GC16="INDETERMINADO"),"CUMPLE","NO CUMPLE") -> CUMPLE | GF16: 361723446 | GG16: =GF16/GF17 -> 0.24525296 | GH16: =IF(OR(GG16<=0.75,GG16="INDETERMINADO"),"CUMPLE","NO CUMPLE") -> CUMPLE | GJ16: 212600 | GK16: =GJ16/GJ17 -> 0.0018567065 | GL16: =IF(OR(GK16<=0.75,GK16="INDETERMINADO"),"CUMPLE","NO CUMPLE") -> CUMPLE | GN16: 72320862 | GO16: =GN16/GN17 -> 0.097994757 | GP16: =IF(OR(GO16<=0.75,GO16="INDETERMINADO"),"CUMPLE","NO CUMPLE") -> CUMPLE | GR16: 2.0356604e+09 | GS16: =GR16/GR17 -> 0.1698045 | GT16: =IF(OR(GS16<=0.75,GS16="INDETERMINADO"),"CUMPLE","NO CUMPLE") -> CUMPLE | GV16: 1956698884 | GW16: =GV16/GV17 -> 0.6406984 | GX16: =IF(OR(GW16<=0.75,GW16="INDETERMINADO"),"CUMPLE","NO CUMPLE") -> CUMPLE | GZ16: 1.185377e+09 | HA16: =GZ16/GZ17 -> 0.44935084 | HB16: =IF(OR(HA16<=0.75,HA16="INDETERMINADO"),"CUMPLE","NO CUMPLE") -> CUMPLE | HD16: 716220000 | HE16: =HD16/HD17 -> 0.206015 | HF16: =IF(OR(HE16<=0.75,HE16="INDETERMINADO"),"CUMPLE","NO CUMPLE") -> CUMPLE | HH16: 76004612 | HI16: =HH16/HH17 -> 0.074372866 | HJ16: =IF(OR(HI16<=0.75,HI16="INDETERMINADO"),"CUMPLE","NO CUMPLE") -> CUMPLE | HL16: 4.4835545e+08 | HM16: =HL16/HL17 -> 0.18460371 | HN16: =IF(OR(HM16<=0.75,HM16="INDETERMINADO"),"CUMPLE","NO CUMPLE") -> CUMPLE | HP16: 1.2152637e+09 | HQ16: =HP16/HP17 -> 0.39984395 | HR16: =IF(OR(HQ16<=0.75,HQ16="INDETERMINADO"),"CUMPLE","NO CUMPLE") -> CUMPLE | HT16: 1147584222 | HU16: =HT16/HT17 -> 0.45512144 | HV16: =IF(OR(HU16<=0.75,HU16="INDETERMINADO"),"CUMPLE","NO CUMPLE") -> CUMPLE | HX16: 84561945 | HY16: =HX16/HX17 -> 0.1236742 | HZ16: =IF(OR(HY16<=0.75,HY16="INDETERMINADO"),"CUMPLE","NO CUMPLE") -> CUMPLE | IB16: 2678241413 | IC16: =IB16/IB17 -> 0.39899826 | ID16: =IF(OR(IC16<=0.75,IC16="INDETERMINADO"),"CUMPLE","NO CUMPLE") -> CUMPLE | IF16: 30000000 | IG16: =IF16/IF17 -> 0.011594305 | IH16: =IF(OR(IG16<=0.75,IG16="INDETERMINADO"),"CUMPLE","NO CUMPLE") -> CUMPLE | IJ16: 1350636960 | IK16: 1 | IL16: =IF(OR(IK16<=0.75,IK16="INDETERMINADO"),"CUMPLE","NO CUMPLE") -> NO CUMPLE | IN16: 3.3138881e+08 | IO16: 0.63840307 | IP16: CUMPLE | IR16: 826090991 | IS16: 0.55373178 | IT16: CUMPLE | IV16: 10500000 | IW16: 0.0054240664 | IX16: CUMPLE | IZ16: 4568698 | JA16: 0.074889712 | JB16: CUMPLE | JD16: 2522901800 | JE16: 0.27892723 | JF16: CUMPLE | JH16: 1.405727e+09 | JI16: 0.61672115 | JJ16: CUMPLE | JL16: 1.2424408e+09 | JM16: 0.44914921 | JN16: CUMPLE | JP16: 2941793769 | JQ16: 0.51413899 | JR16: CUMPLE | JT16: 1.2424408e+09 | JU16: 0.44914921 | JV16: CUMPLE | JX16: 1212508964 | JY16: 0.17294481 | JZ16: CUMPLE | KB16: 570768500 | KC16: 0.19836679 | KD16: CUMPLE
C17: ACTIVO TOTAL | D17: 2479220530 | H17: 5447746658 | L17: 1843233244 | P17: 1280335427 | T17: 1497049088 | X17: 14922388852 | AB17: 3287699000 | AF17: 1006896627 | AJ17: 806596770 | AN17: 5164128096 | AR17: 3083626064 | AV17: 1861030267 | AZ17: 1217850029 | BD17: 17021364369 | BH17: 3879983491 | BL17: 1773729901 | BP17: 11149966472 | BT17: 8861161094 | BX17: 1730935100 | CB17: 11488985605 | CF17: 4.0030439e+09 | CJ17: 6259287500 | CN17: 349152723 | CR17: 8.4798572e+09 | CV17: 742809622 | CZ17: 3832927868 | DD17: 2904871124 | DH17: 4780311522 | DL17: 3.3429076e+09 | DP17: 964193000 | DT17: 1.8576814e+09 | DX17: 6.9407499e+08 | EB17: 8.3620678e+09 | EF17: 4.7467753e+09 | EJ17: 1578585675 | EN17: 2822624181 | ER17: 4095681000 | EV17: 5.3321894e+08 | EZ17: 9.2281387e+08 | FD17: 1646728689 | FH17: 47072601 | FL17: 1.9629149e+09 | FP17: 12274770000 | FT17: 4.6285471e+09 | FX17: 8.3431248e+08 | GB17: 9522773343 | GF17: 1474899403 | GJ17: 1.1450383e+08 | GN17: 738007462 | GR17: 1.198826e+10 | GV17: 3054009333 | GZ17: 2.6379766e+09 | HD17: 3476543000 | HH17: 1021940078 | HL17: 2.4287457e+09 | HP17: 3.039345e+09 | HT17: 2521490126 | HX17: 683747642 | IB17: 6712413756 | IF17: 2587477134 | IJ17: 1350636960 | IN17: 5.1909025e+08 | IR17: 1.4918613e+09 | IV17: 1935817000 | IZ17: 61005683 | JD17: 9045018085 | JH17: 2.2793559e+09 | JL17: 2.7662095e+09 | JP17: 5.7217869e+09 | JT17: 2.7662095e+09 | JX17: 7010958887 | KB17: 2877339000
A18: COBERTURA DE INTERESES | B18: Mipyme Mayor o igual a 0 Gran empresa Mayor o igual a 1 y/o indeterminado (Utilidad Operacional/Gastos de Intereses) | C18: UTILIDAD OPERACIONAL | D18: 173234820 | E18: =D18/D19 -> 9.7033772 | F18: =IF(OR(E18>=0,E18="INDETERMINADO"),"CUMPLE","NO CUMPLE") -> CUMPLE | H18: 11007282404 | I18: =H18/H19 -> 2401.1092 | J18: =IF(OR(I18>=0,I18="INDETERMINADO"),"CUMPLE","NO CUMPLE") -> CUMPLE | L18: 219925492 | M18: =L18/L19 -> 4043.2683 | N18: =IF(OR(M18>=0,M18="INDETERMINADO"),"CUMPLE","NO CUMPLE") -> CUMPLE | P18: 158432154 | Q18: =P18/P19 -> 141.52008 | R18: =IF(OR(Q18>=0,Q18="INDETERMINADO"),"CUMPLE","NO CUMPLE") -> CUMPLE | T18: 177585959 | U18: INDETERMINADO | V18: =IF(OR(U18>=1,U18="INDETERMINADO"),"CUMPLE","NO CUMPLE") -> CUMPLE | X18: 781900874 | Y18: =X18/X19 -> 6.5232608 | Z18: =IF(OR(Y18>=0,Y18="INDETERMINADO"),"CUMPLE","NO CUMPLE") -> CUMPLE | AB18: 185931000 | AC18: =AB18/AB19 -> 3.4550675 | AD18: =IF(OR(AC18>=0,AC18="INDETERMINADO"),"CUMPLE","NO CUMPLE") -> CUMPLE | AF18: 371001418 | AG18: =AF18/AF19 -> 21.285331 | AH18: =IF(OR(AG18>=0,AG18="INDETERMINADO"),"CUMPLE","NO CUMPLE") -> CUMPLE | AJ18: 33269808 | AK18: =AJ18/AJ19 -> 17.488978 | AL18: =IF(OR(AK18>=0,AK18="INDETERMINADO"),"CUMPLE","NO CUMPLE") -> CUMPLE | AN18: 26464971 | AO18: =AN18/AN19 -> 1.1751611 | AP18: =IF(OR(AO18>=0,AO18="INDETERMINADO"),"CUMPLE","NO CUMPLE") -> CUMPLE | AR18: 928960127 | AS18: =AR18/AR19 -> 13.105904 | AT18: =IF(OR(AS18>=1,AS18="INDETERMINADO"),"CUMPLE","NO CUMPLE") -> CUMPLE | AV18: 553611804 | AW18: =AV18/AV19 -> 97.866881 | AX18: =IF(OR(AW18>=0,AW18="INDETERMINADO"),"CUMPLE","NO CUMPLE") -> CUMPLE | AZ18: 208715872 | BA18: =AZ18/AZ19 -> 284.45248 | BB18: =IF(OR(BA18>=0,BA18="INDETERMINADO"),"CUMPLE","NO CUMPLE") -> CUMPLE | BD18: 1552515219 | BE18: =BD18/BD19 -> 514.37561 | BF18: =IF(OR(BE18>=1,BE18="INDETERMINADO"),"CUMPLE","NO CUMPLE") -> CUMPLE | BH18: 718766255 | BI18: =BH18/BH19 -> 8.6810101 | BJ18: =IF(OR(BI18>=1,BI18="INDETERMINADO"),"CUMPLE","NO CUMPLE") -> CUMPLE | BL18: 147242183 | BM18: =BL18/BL19 -> 85.326872 | BN18: =IF(OR(BM18>=0,BM18="INDETERMINADO"),"CUMPLE","NO CUMPLE") -> CUMPLE | BP18: 1106712255 | BQ18: =BP18/BP19 -> 2.6754156 | BR18: =IF(OR(BQ18>=0,BQ18="INDETERMINADO"),"CUMPLE","NO CUMPLE") -> CUMPLE | BT18: 1027197682 | BU18: =BT18/BT19 -> 22.33488 | BV18: =IF(OR(BU18>=1,BU18="INDETERMINADO"),"CUMPLE","NO CUMPLE") -> CUMPLE | BX18: 355862300 | BY18: =BX18/BX19 -> 78.039978 | BZ18: =IF(OR(BY18>=0,BY18="INDETERMINADO"),"CUMPLE","NO CUMPLE") -> CUMPLE | CB18: 603418107 | CC18: =CB18/CB19 -> 4.9629809 | CD18: =IF(OR(CC18>=1,CC18="INDETERMINADO"),"CUMPLE","NO CUMPLE") -> CUMPLE | CF18: 5.2202903e+08 | CG18: =IFERROR(CF18/CF19,"INDETERMINADO") -> 3.3916521 | CH18: =IF(OR(CG18>=0,CG18="INDETERMINADO"),"CUMPLE","NO CUMPLE") -> CUMPLE | CJ18: 161347000 | CK18: =IFERROR(CJ18/CJ19,"INDETERMINADO") -> 66.422543 | CL18: =IF(OR(CK18>=0,CK18="INDETERMINADO"),"CUMPLE","NO CUMPLE") -> CUMPLE | CN18: 45034128 | CO18: =IFERROR(CN18/CN19,"INDETERMINADO") -> INDETERMINADO | CP18: =IF(OR(CO18>=1,CO18="INDETERMINADO"),"CUMPLE","NO CUMPLE") -> CUMPLE | CR18: 1.121082e+09 | CS18: =IFERROR(CR18/CR19,"INDETERMINADO") -> 2894.3145 | CT18: =IF(OR(CS18>=1,CS18="INDETERMINADO"),"CUMPLE","NO CUMPLE") -> CUMPLE | CV18: 218461352 | CW18: =IFERROR(CV18/CV19,"INDETERMINADO") -> INDETERMINADO | CX18: =IF(OR(CW18>=0,CW18="INDETERMINADO"),"CUMPLE","NO CUMPLE") -> CUMPLE | CZ18: 409976496 | DA18: =IFERROR(CZ18/CZ19,"INDETERMINADO") -> INDETERMINADO | DB18: =IF(OR(DA18>=1,DA18="INDETERMINADO"),"CUMPLE","NO CUMPLE") -> CUMPLE | DD18: 56021945 | DE18: =IFERROR(DD18/DD19,"INDETERMINADO") -> 7.9718353 | DF18: =IF(OR(DE18>=0,DE18="INDETERMINADO"),"CUMPLE","NO CUMPLE") -> CUMPLE | DH18: 21266861 | DI18: =IFERROR(DH18/DH19,"INDETERMINADO") -> INDETERMINADO | DJ18: =IF(OR(DI18>=0,DI18="INDETERMINADO"),"CUMPLE","NO CUMPLE") -> CUMPLE | DL18: 671953059 | DM18: =IFERROR(DL18/DL19,"INDETERMINADO") -> 2078.7958 | DN18: =IF(OR(DM18>=0,DM18="INDETERMINADO"),"CUMPLE","NO CUMPLE") -> CUMPLE | DP18: 162050000 | DQ18: =IFERROR(DP18/DP19,"INDETERMINADO") -> 73.22639 | DR18: =IF(OR(DQ18>=0,DQ18="INDETERMINADO"),"CUMPLE","NO CUMPLE") -> CUMPLE | DT18: 1.6225815e+08 | DU18: =IFERROR(DT18/DT19,"INDETERMINADO") -> 70.296398 | DV18: =IF(OR(DU18>=0,DU18="INDETERMINADO"),"CUMPLE","NO CUMPLE") -> CUMPLE | DX18: 2.276621e+08 | DY18: =IFERROR(DX18/DX19,"INDETERMINADO") -> 202.87543 | DZ18: =IF(OR(DY18>=0,DY18="INDETERMINADO"),"CUMPLE","NO CUMPLE") -> CUMPLE | EB18: 2.1540074e+08 | EC18: =IFERROR(EB18/EB19,"INDETERMINADO") -> 3.7144894 | ED18: =IF(OR(EC18>=1,EC18="INDETERMINADO"),"CUMPLE","NO CUMPLE") -> CUMPLE | EF18: 487615695 | EG18: =IFERROR(EF18/EF19,"INDETERMINADO") -> 5455.8216 | EH18: =IF(OR(EG18>=0,EG18="INDETERMINADO"),"CUMPLE","NO CUMPLE") -> CUMPLE | EJ18: 107230238 | EK18: =IFERROR(EJ18/EJ19,"INDETERMINADO") -> 3.0366475 | EL18: =IF(OR(EK18>=1,EK18="INDETERMINADO"),"CUMPLE","NO CUMPLE") -> CUMPLE | EN18: 1.7126103e+08 | EO18: =IFERROR(EN18/EN19,"INDETERMINADO") -> 22.08532 | EP18: =IF(OR(EO18>=0,EO18="INDETERMINADO"),"CUMPLE","NO CUMPLE") -> CUMPLE | ER18: 642224500 | ES18: =IFERROR(ER18/ER19,"INDETERMINADO") -> INDETERMINADO | ET18: =IF(OR(ES18>=0,ES18="INDETERMINADO"),"CUMPLE","NO CUMPLE") -> CUMPLE | EV18: 1.1338809e+08 | EW18: =IFERROR(EV18/EV19,"INDETERMINADO") -> 91.147984 | EX18: =IF(OR(EW18>=1,EW18="INDETERMINADO"),"CUMPLE","NO CUMPLE") -> CUMPLE | EZ18: 1.6082143e+08 | FA18: =IFERROR(EZ18/EZ19,"INDETERMINADO") -> 49.008187 | FB18: =IF(OR(FA18>=1,FA18="INDETERMINADO"),"CUMPLE","NO CUMPLE") -> CUMPLE | FD18: 80495284 | FE18: =IFERROR(FD18/FD19,"INDETERMINADO") -> 5.3048514 | FF18: =IF(OR(FE18>=0,FE18="INDETERMINADO"),"CUMPLE","NO CUMPLE") -> CUMPLE | FH18: 631449.8 | FI18: INDERTERMINADO | FJ18: =IF(OR(FI18>=0,FI18="INDETERMINADO"),"CUMPLE","NO CUMPLE") -> CUMPLE | FL18: 233530103 | FM18: =FL18/FL19 -> 166.98695 | FN18: =IF(OR(FM18>=0,FM18="INDETERMINADO"),"CUMPLE","NO CUMPLE") -> CUMPLE | FP18: 724480000 | FQ18: =FP18/FP19 -> 6.1917134 | FR18: =IF(OR(FQ18>=0,FQ18="INDETERMINADO"),"CUMPLE","NO CUMPLE") -> CUMPLE | FT18: 2.8243318e+08 | FU18: =FT18/FT19 -> 587.15505 | FV18: =IF(OR(FU18>=0,FU18="INDETERMINADO"),"CUMPLE","NO CUMPLE") -> CUMPLE | FX18: 631450 | FY18: INDETERMINADO | FZ18: =IF(OR(FY18>=0,FY18="INDETERMINADO"),"CUMPLE","NO CUMPLE") -> CUMPLE | GB18: 1507592252 | GC18: INDETERMINADO | GD18: =IF(OR(GC18>=0,GC18="INDETERMINADO"),"CUMPLE","NO CUMPLE") -> CUMPLE | GF18: 107684847 | GG18: =GF18/GF19 -> 43.520142 | GH18: =IF(OR(GG18>=0,GG18="INDETERMINADO"),"CUMPLE","NO CUMPLE") -> CUMPLE | GJ18: 21523748 | GK18: INDERTEMINADO | GL18: =IF(OR(GK18>=0,GK18="INDETERMINADO"),"CUMPLE","NO CUMPLE") -> CUMPLE | GN18: 53711263 | GO18: INDERTEMINADO | GP18: =IF(OR(GO18>=0,GO18="INDETERMINADO"),"CUMPLE","NO CUMPLE") -> CUMPLE | GR18: 2.7773278e+09 | GS18: INDERTEMINADO | GT18: =IF(OR(GS18>=0,GS18="INDETERMINADO"),"CUMPLE","NO CUMPLE") -> CUMPLE | GV18: 556702646 | GW18: =GV18/GV19 -> 625.93057 | GX18: =IF(OR(GW18>=0,GW18="INDETERMINADO"),"CUMPLE","NO CUMPLE") -> CUMPLE | GZ18: 105954535 | HA18: =GZ18/GZ19 -> 41.993667 | HB18: =IF(OR(HA18>=0,HA18="INDETERMINADO"),"CUMPLE","NO CUMPLE") -> CUMPLE | HD18: 86427000 | HE18: =HD18/HD19 -> 3.9458978 | HF18: =IF(OR(HE18>=0,HE18="INDETERMINADO"),"CUMPLE","NO CUMPLE") -> CUMPLE | HH18: 852957155 | HI18: =HH18/HH19 -> 533098.22 | HJ18: =IF(OR(HI18>=0,HI18="INDETERMINADO"),"CUMPLE","NO CUMPLE") -> CUMPLE | HL18: 4.46985e+08 | HM18: INDETERMINADO | HN18: =IF(OR(HM18>=0,HM18="INDETERMINADO"),"CUMPLE","NO CUMPLE") -> CUMPLE | HP18: 6.324501e+08 | HQ18: INDETERMINADO | HR18: =IF(OR(HQ18>=0,HQ18="INDETERMINADO"),"CUMPLE","NO CUMPLE") -> CUMPLE | HT18: 39590602 | HU18: =HT18/HT19 -> 486.37103 | HV18: =IF(OR(HU18>=0,HU18="INDETERMINADO"),"CUMPLE","NO CUMPLE") -> CUMPLE | HX18: 162890223 | HY18: =HX18/HX19 -> 440.80617 | HZ18: =IF(OR(HY18>=0,HY18="INDETERMINADO"),"CUMPLE","NO CUMPLE") -> CUMPLE | IB18: 237990711 | IC18: =IB18/IB19 -> 2.7738734 | ID18: =IF(OR(IC18>=0,IC18="INDETERMINADO"),"CUMPLE","NO CUMPLE") -> CUMPLE | IF18: 408058312 | IG18: INDERTERMINADO | IH18: =IF(OR(IG18>=0,IG18="INDETERMINADO"),"CUMPLE","NO CUMPLE") -> CUMPLE | IJ18: 915984132 | IK18: 12.828332 | IL18: CUMPLE | IN18: 60975836 | IO18: 74.372975 | IP18: CUMPLE | IR18: 131084969 | IS18: 361.11562 | IT18: CUMPLE | IV18: 402798000 | IW18: 38.288783 | IX18: CUMPLE | IZ18: 3796932 | JA18: INDETERMINADO | JB18: CUMPLE | JD18: 1514398544 | JE18: 576.14641 | JF18: CUMPLE | JH18: 1.032143e+08 | JI18: 52.694768 | JJ18: CUMPLE | JL18: 4.7440249e+08 | JM18: 41.283851 | JN18: CUMPLE | JP18: 7.3728542e+08 | JQ18: 6.4723132 | JR18: CUMPLE | JT18: 4.7440249e+08 | JU18: 41.283851 | JV18: CUMPLE | JX18: 1411671166 | JY18: 56.197177 | JZ18: CUMPLE | KB18: 900985000 | KC18: 82451.155 | KD18: CUMPLE
C19: GASTOS DE INTERESES | D19: 17853044 | H19: 4584249 | L19: 54393 | P19: 1119503 | T19: 0 | X19: 119863500 | AB19: 53814000 | AF19: 17429911 | AJ19: 1902330 | AN19: 22520291 | AR19: 70881043 | AV19: 5656784 | AZ19: 733746 | BD19: 3018252 | BH19: 82797537 | BL19: 1725625 | BP19: 413659944 | BT19: 45990742 | BX19: 4560000 | CB19: 121583805 | CF19: 1.5391585e+08 | CJ19: 2429100 | CN19: 0 | CR19: 387339.4 | CV19: 0 | CZ19: 0 | DD19: 7027484 | DH19: 0 | DL19: 323241.5 | DP19: 2213000 | DT19: 2308200 | DX19: 1122176.8 | EB19: 57989328 | EF19: 89375.3 | EJ19: 35312047 | EN19: 7754518.8 | ER19: 0 | EV19: 1244000 | EZ19: 3281521.8 | FD19: 15173900 | FH19: 0 | FL19: 1398493.1 | FP19: 117008000 | FT19: 481019.75 | FX19: 0 | GB19: 0 | GF19: 2474368 | GJ19: 0 | GN19: 0 | GR19: 0 | GV19: 889400 | GZ19: 2523107.5 | HD19: 21903000 | HH19: 1600 | HL19: 0 | HP19: 61428914 | HT19: 81400 | HX19: 369528 | IB19: 85797250 | IF19: 0 | IJ19: 71403213 | IN19: 819865.5 | IR19: 363000 | IV19: 10520000 | IZ19: 0 | JD19: 2628496 | JH19: 1958720 | JL19: 11491236 | JP19: 1.1391374e+08 | JT19: 11491236 | JX19: 25119966 | KB19: 10927.5
A20: REQUISITOS CAPACIDAD ORGANIZACIONAL
A21: Rentabilidad sobre Patrimonio (ROE) | B21: Mipyme Mayor o igual a 0 Gran empresa Mayor o igual a 0,04 (Utilidad Operacional dividido por el Patrimonio) | C21: UTILIDAD OPERACIONAL | D21: =+D18 -> 173234820 | E21: =+D21/D22 -> 0.088685187 | F21: =IF(OR(E21>=0.04,E21="INDETERMINADO"),"CUMPLE","NO CUMPLE") -> CUMPLE | H21: =+H18 -> 11007282404 | I21: =+H21/H22 -> 2.2198081 | J21: =IF(OR(I21>=0.04,I21="INDETERMINADO"),"CUMPLE","NO CUMPLE") -> CUMPLE | L21: =+L18 -> 219925492 | M21: =+L21/L22 -> 0.19496456 | N21: =IF(OR(M21>=0.04,M21="INDETERMINADO"),"CUMPLE","NO CUMPLE") -> CUMPLE | P21: =+P18 -> 158432154 | Q21: =+P21/P22 -> 0.22303626 | R21: =IF(OR(Q21>=0.04,Q21="INDETERMINADO"),"CUMPLE","NO CUMPLE") -> CUMPLE | T21: =+T18 -> 177585959 | U21: =+T21/T22 -> 0.14561886 | V21: =IF(OR(U21>=0.04,U21="INDETERMINADO"),"CUMPLE","NO CUMPLE") -> CUMPLE | X21: =+X18 -> 781900874 | Y21: =+X21/X22 -> 0.064460217 | Z21: =IF(OR(Y21>=0.04,Y21="INDETERMINADO"),"CUMPLE","NO CUMPLE") -> CUMPLE | AB21: =+AB18 -> 185931000 | AC21: =+AB21/AB22 -> 3.4550675 | AD21: =IF(OR(AC21>=0.04,AC21="INDETERMINADO"),"CUMPLE","NO CUMPLE") -> CUMPLE | AF21: =+AF18 -> 371001418 | AG21: =+AF21/AF22 -> 0.43129744 | AH21: =IF(OR(AG21>=0.04,AG21="INDETERMINADO"),"CUMPLE","NO CUMPLE") -> CUMPLE | AJ21: =AJ18 -> 33269808 | AK21: =+AJ21/AJ22 -> 0.10438714 | AL21: =IF(OR(AK21>=0.04,AK21="INDETERMINADO"),"CUMPLE","NO CUMPLE") -> CUMPLE | AN21: =+AN18 -> 26464971 | AO21: =+AN21/AN22 -> 0.0091988241 | AP21: =IF(OR(AO21>=0.04,AO21="INDETERMINADO"),"CUMPLE","NO CUMPLE") -> NO CUMPLE | AR21: =+AR18 -> 928960127 | AS21: =+AR21/AR22 -> 0.44974028 | AT21: =IF(OR(AS21>=0.04,AS21="INDETERMINADO"),"CUMPLE","NO CUMPLE") -> CUMPLE | AV21: =+AV18 -> 553611804 | AW21: =+AV21/AV22 -> 0.36011592 | AX21: =IF(OR(AW21>=0.04,AW21="INDETERMINADO"),"CUMPLE","NO CUMPLE") -> CUMPLE | AZ21: =+AZ18 -> 208715872 | BA21: =+AZ21/AZ22 -> 0.23992226 | BB21: =IF(OR(BA21>=0.04,BA21="INDETERMINADO"),"CUMPLE","NO CUMPLE") -> CUMPLE | BD21: =+BD18 -> 1552515219 | BE21: =+BD21/BD22 -> 0.16548147 | BF21: =IF(OR(BE21>=0.04,BE21="INDETERMINADO"),"CUMPLE","NO CUMPLE") -> CUMPLE | BH21: =+BH18 -> 718766255 | BI21: =+BH21/BH22 -> 0.21866836 | BJ21: =IF(OR(BI21>=0.04,BI21="INDETERMINADO"),"CUMPLE","NO CUMPLE") -> CUMPLE | BL21: =+BL18 -> 147242183 | BM21: =+BL21/BL22 -> 0.092774999 | BN21: =IF(OR(BM21>=0.04,BM21="INDETERMINADO"),"CUMPLE","NO CUMPLE") -> CUMPLE | BP21: =+BP18 -> 1106712255 | BQ21: =+BP21/BP22 -> 0.15712894 | BR21: =IF(OR(BQ21>=0.04,BQ21="INDETERMINADO"),"CUMPLE","NO CUMPLE") -> CUMPLE | BT21: =+BT18 -> 1027197682 | BU21: =+BT21/BT22 -> 0.22813925 | BV21: =IF(OR(BU21>=0.04,BU21="INDETERMINADO"),"CUMPLE","NO CUMPLE") -> CUMPLE | BX21: =BX18 -> 355862300 | BY21: =+BX21/BX22 -> 0.23676055 | BZ21: =IF(OR(BY21>=0.04,BY21="INDETERMINADO"),"CUMPLE","NO CUMPLE") -> CUMPLE | CB21: =CB18 -> 603418107 | CC21: =+CB21/CB22 -> 0.091973178 | CD21: =IF(OR(CC21>=0.04,CC21="INDETERMINADO"),"CUMPLE","NO CUMPLE") -> CUMPLE | CF21: 5.2202903e+08 | CG21: =+CF21/CF22 -> 0.20277018 | CH21: =IF(OR(CG21>=0,CG21="INDETERMINADO"),"CUMPLE","NO CUMPLE") -> CUMPLE | CJ21: 161347000 | CK21: 0.035161359 | CL21: CUMPLE | CN21: 45034128 | CO21: =+CN21/CN22 -> 0.26027888 | CP21: =IF(OR(CO21>=0.04,CO21="INDETERMINADO"),"CUMPLE","NO CUMPLE") -> CUMPLE | CR21: 1.121082e+09 | CS21: =+CR21/CR22 -> 0.16620785 | CT21: =IF(OR(CS21>=0.04,CS21="INDETERMINADO"),"CUMPLE","NO CUMPLE") -> CUMPLE | CV21: 218461352 | CW21: =+CV21/CV22 -> 0.33486563 | CX21: =IF(OR(CW21>=0,CW21="INDETERMINADO"),"CUMPLE","NO CUMPLE") -> CUMPLE | CZ21: 409976496 | DA21: =+CZ21/CZ22 -> 0.12632486 | DB21: =IF(OR(DA21>=0.04,DA21="INDETERMINADO"),"CUMPLE","NO CUMPLE") -> CUMPLE | DD21: 56021945 | DE21: =+DD21/DD22 -> 0.020116487 | DF21: =IF(OR(DE21>=0,DE21="INDETERMINADO"),"CUMPLE","NO CUMPLE") -> CUMPLE | DH21: 21266861 | DI21: =+DH21/DH22 -> 0.0045436316 | DJ21: =IF(OR(DI21>=0,DI21="INDETERMINADO"),"CUMPLE","NO CUMPLE") -> CUMPLE | DL21: 671953059 | DM21: =+DL21/DL22 -> 0.42883437 | DN21: =IF(OR(DM21>=0,DM21="INDETERMINADO"),"CUMPLE","NO CUMPLE") -> CUMPLE | DP21: 162050000 | DQ21: =+DP21/DP22 -> 0.19478732 | DR21: =IF(OR(DQ21>=0,DQ21="INDETERMINADO"),"CUMPLE","NO CUMPLE") -> CUMPLE | DT21: 1.6225815e+08 | DU21: =+DT21/DT22 -> 0.10824471 | DV21: =IF(OR(DU21>=0,DU21="INDETERMINADO"),"CUMPLE","NO CUMPLE") -> CUMPLE | DX21: 2.276621e+08 | DY21: =+DX21/DX22 -> 0.38250479 | DZ21: =IF(OR(DY21>=0,DY21="INDETERMINADO"),"CUMPLE","NO CUMPLE") -> CUMPLE | EB21: 2.1540074e+08 | EC21: =+EB21/EB22 -> 0.059934865 | ED21: =IF(OR(EC21>=0.04,EC21="INDETERMINADO"),"CUMPLE","NO CUMPLE") -> CUMPLE | EF21: 487615695 | EG21: =+EF21/EF22 -> 0.10587656 | EH21: =IF(OR(EG21>=0,EG21="INDETERMINADO"),"CUMPLE","NO CUMPLE") -> CUMPLE | EJ21: 107230238 | EK21: =+EJ21/EJ22 -> 0.10552997 | EL21: =IF(OR(EK21>=0.04,EK21="INDETERMINADO"),"CUMPLE","NO CUMPLE") -> CUMPLE | EN21: 1.7126103e+08 | EO21: =+EN21/EN22 -> 0.11474791 | EP21: =IF(OR(EO21>=0,EO21="INDETERMINADO"),"CUMPLE","NO CUMPLE") -> CUMPLE | ER21: 642224500 | ES21: =+ER21/ER22 -> 0.16557049 | ET21: =IF(OR(ES21>=0,ES21="INDETERMINADO"),"CUMPLE","NO CUMPLE") -> CUMPLE | EV21: 1.1338809e+08 | EW21: =+EV21/EV22 -> 0.22997093 | EX21: =IF(OR(EW21>=0.04,EW21="INDETERMINADO"),"CUMPLE","NO CUMPLE") -> CUMPLE | EZ21: 1.6082143e+08 | FA21: =+EZ21/EZ22 -> 0.17513771 | FB21: =IF(OR(FA21>=0.04,FA21="INDETERMINADO"),"CUMPLE","NO CUMPLE") -> CUMPLE | FD21: 80495284 | FE21: =+FD21/FD22 -> 0.059346017 | FF21: =IF(OR(FE21>=0,FE21="INDETERMINADO"),"CUMPLE","NO CUMPLE") -> CUMPLE | FH21: =+FH18 -> 631449.8 | FI21: =+FH21/FH22 -> 0.013439279 | FJ21: =IF(OR(FI21>=0,FI21="INDETERMINADO"),"CUMPLE","NO CUMPLE") -> CUMPLE | FL21: =+FL18 -> 233530103 | FM21: =+FL21/FL22 -> 0.12504758 | FN21: =IF(OR(FM21>=0,FM21="INDETERMINADO"),"CUMPLE","NO CUMPLE") -> CUMPLE | FP21: =+FP18 -> 724480000 | FQ21: =+FP21/FP22 -> 0.10238538 | FR21: =IF(OR(FQ21>=0,FQ21="INDETERMINADO"),"CUMPLE","NO CUMPLE") -> CUMPLE | FT21: =+FT18 -> 2.8243318e+08 | FU21: =+FT21/FT22 -> 0.068373808 | FV21: =IF(OR(FU21>=0,FU21="INDETERMINADO"),"CUMPLE","NO CUMPLE") -> CUMPLE | FX21: =+FX18 -> 631450 | FY21: =+FX21/FX22 -> 0.00080022752 | FZ21: =IF(OR(FY21>=0,FY21="INDETERMINADO"),"CUMPLE","NO CUMPLE") -> CUMPLE | GB21: =+GB18 -> 1507592252 | GC21: =+GB21/GB22 -> 0.44927426 | GD21: =IF(OR(GC21>=0,GC21="INDETERMINADO"),"CUMPLE","NO CUMPLE") -> CUMPLE | GF21: =+GF18 -> 107684847 | GG21: =+GF21/GF22 -> 0.096736591 | GH21: =IF(OR(GG21>=0,GG21="INDETERMINADO"),"CUMPLE","NO CUMPLE") -> CUMPLE | GJ21: =+GJ18 -> 21523748 | GK21: =+GJ21/GJ22 -> 0.028177929 | GL21: =IF(OR(GK21>=0,GK21="INDETERMINADO"),"CUMPLE","NO CUMPLE") -> CUMPLE | GN21: =GN18 -> 53711263 | GO21: =+GN21/GN22 -> 0.08068551 | GP21: =IF(OR(GO21>=0,GO21="INDETERMINADO"),"CUMPLE","NO CUMPLE") -> CUMPLE | GR21: =+GR18 -> 2.7773278e+09 | GS21: =+GR21/GR22 -> 0.27905552 | GT21: =IF(OR(GS21>=0,GS21="INDETERMINADO"),"CUMPLE","NO CUMPLE") -> CUMPLE | GV21: =+GV18 -> 556702646 | GW21: =+GV21/GV22 -> 0.50733377 | GX21: =IF(OR(GW21>=0,GW21="INDETERMINADO"),"CUMPLE","NO CUMPLE") -> CUMPLE | GZ21: =+GZ18 -> 105954535 | HA21: =+GZ21/GZ22 -> 0.072941323 | HB21: =IF(OR(HA21>=0,HA21="INDETERMINADO"),"CUMPLE","NO CUMPLE") -> CUMPLE | HD21: =+HD18 -> 86427000 | HE21: =+HD21/HD22 -> 0.031310466 | HF21: =IF(OR(HE21>=0,HE21="INDETERMINADO"),"CUMPLE","NO CUMPLE") -> CUMPLE | HH21: =+HH18 -> 852957155 | HI21: =+HH21/HH22 -> 0.90170755 | HJ21: =IF(OR(HI21>=0,HI21="INDETERMINADO"),"CUMPLE","NO CUMPLE") -> CUMPLE | HL21: =+HL18 -> 4.46985e+08 | HM21: =+HL21/HL22 -> 0.22570552 | HN21: =IF(OR(HM21>=0,HM21="INDETERMINADO"),"CUMPLE","NO CUMPLE") -> CUMPLE | HP21: =+HP18 -> 6.324501e+08 | HQ21: =+HP21/HP22 -> 0.34672254 | HR21: =IF(OR(HQ21>=0,HQ21="INDETERMINADO"),"CUMPLE","NO CUMPLE") -> CUMPLE | HT21: =+HT18 -> 39590602 | HU21: =+HT21/HT22 -> 0.028816094 | HV21: =IF(OR(HU21>=0,HU21="INDETERMINADO"),"CUMPLE","NO CUMPLE") -> CUMPLE | HX21: =+HX18 -> 162890223 | HY21: =+HX21/HX22 -> 0.27185266 | HZ21: =IF(OR(HY21>=0,HY21="INDETERMINADO"),"CUMPLE","NO CUMPLE") -> CUMPLE | IB21: =IB18 -> 237990711 | IC21: =+IB21/IB22 -> 0.05899369 | ID21: =IF(OR(IC21>=0,IC21="INDETERMINADO"),"CUMPLE","NO CUMPLE") -> CUMPLE | IF21: =IF18 -> 408058312 | IG21: =+IF21/IF22 -> 0.15955502 | IH21: =IF(OR(IG21>=0,IG21="INDETERMINADO"),"CUMPLE","NO CUMPLE") -> CUMPLE | IJ21: 915984132 | IK21: 0.33154081 | IL21: CUMPLE | IN21: 60975836 | IO21: 0.32485545 | IP21: CUMPLE | IR21: 131084969 | IS21: 0.1968922 | IT21: CUMPLE | IV21: 402798000 | IW21: 0.20921126 | IX21: CUMPLE | IZ21: 3796932 | JA21: 0.067277371 | JB21: CUMPLE | JD21: 1514398544 | JE21: 0.23219435 | JF21: CUMPLE | JH21: 1.032143e+08 | JI21: 0.11814432 | JJ21: CUMPLE | JL21: 4.7440249e+08 | JM21: 0.31133499 | JN21: CUMPLE | JP21: 7.3728542e+08 | JQ21: 0.26521124 | JR21: CUMPLE | JT21: 4.7440249e+08 | JU21: 0.31133499 | JV21: CUMPLE | JX21: 1411671166 | JY21: 0.68343663 | JZ21: CUMPLE | KB21: 900985000 | KC21: 0.39061672 | KD21: CUMPLE
C22: PATRIMONIO | D22: 1953368157 | H22: 4958663966 | L22: 1128028032 | P22: 710342594 | T22: 1219525788 | X22: 12129975844 | AB22: 53814000 | AF22: 860198512 | AJ22: 318715583 | AN22: 2876994993 | AR22: 2065547999 | AV22: 1537315562 | AZ22: 869931242 | BD22: 9381807308 | BH22: 3287015367 | BL22: 1587089036 | BP22: 7043338058 | BT22: 4502503079 | BX22: 1503047300 | CB22: 6560805226 | CF22: 2.5744862e+09 | CJ22: 4588758900 | CN22: 173022596 | CR22: 6.7450607e+09 | CV22: 652385123 | CZ22: 3245414338 | DD22: 2784877218 | DH22: 4680586552 | DL22: 1.5669291e+09 | DP22: 831933000 | DT22: 1.4989937e+09 | DX22: 5.9518759e+08 | EB22: 3.5939138e+09 | EF22: 4.6055113e+09 | EJ22: 1016111738 | EN22: 1.492498e+09 | ER22: 3878858500 | EV22: 4.9305402e+08 | EZ22: 9.1825704e+08 | FD22: 1356372150 | FH22: 46985392 | FL22: 1.8675299e+09 | FP22: 7076010000 | FT22: 4.1307218e+09 | FX22: 7.8908809e+08 | GB22: 3355616828 | GF22: 1113175957 | GJ22: 763851333 | GN22: 665686600 | GR22: 9.9525991e+09 | GV22: 1097310449 | GZ22: 1452599586 | HD22: 2760323000 | HH22: 945935466 | HL22: 1980390240 | HP22: 1.8240813e+09 | HT22: 1373905904 | HX22: 599185697 | IB22: 4034172343 | IF22: 2557477134 | IJ22: 2762809563 | IN22: 187701439 | IR22: 6.6577027e+08 | IV22: 1925317000 | IZ22: 56436985 | JD22: 6522116285 | JH22: 873628912 | JL22: 1523768657 | JP22: 2.7799932e+09 | JT22: 1523768657 | JX22: 2065547999 | KB22: 2306570500
A23: RENTABILIDAD DEL ACTIVO (ROA) | B23: Mipyme Mayor o igual a 0,03 Gran empresa Mayor o igual a 0,04 (Utilidad Operacional dividido por el Activo Total) | C23: UTILIDAD OPERACIONAL | D23: =+D18 -> 173234820 | E23: =+D23/D24 -> 0.069874712 | F23: =IF(OR(E23>=0.03,E23="INDETERMINADO"),"CUMPLE","NO CUMPLE") -> CUMPLE | H23: =+H18 -> 11007282404 | I23: =+H23/H24 -> 2.0205202 | J23: =IF(OR(I23>=0.03,I23="INDETERMINADO"),"CUMPLE","NO CUMPLE") -> CUMPLE | L23: =+L18 -> 219925492 | M23: =+L23/L24 -> 0.11931506 | N23: =IF(OR(M23>=0.03,M23="INDETERMINADO"),"CUMPLE","NO CUMPLE") -> CUMPLE | P23: =+P18 -> 158432154 | Q23: =+P23/P24 -> 0.12374269 | R23: =IF(OR(Q23>=0.03,Q23="INDETERMINADO"),"CUMPLE","NO CUMPLE") -> CUMPLE | T23: =+T18 -> 177585959 | U23: =+T23/T24 -> 0.11862401 | V23: =IF(OR(U23>=0.03,U23="INDETERMINADO"),"CUMPLE","NO CUMPLE") -> CUMPLE | X23: =+X18 -> 781900874 | Y23: =+X23/X24 -> 0.052397835 | Z23: =IF(OR(Y23>=0.03,Y23="INDETERMINADO"),"CUMPLE","NO CUMPLE") -> CUMPLE | AB23: =+AB18 -> 185931000 | AC23: =+AB23/AB24 -> 0.056553535 | AD23: =IF(OR(AC23>=0.03,AC23="INDETERMINADO"),"CUMPLE","NO CUMPLE") -> CUMPLE | AF23: =+AF18 -> 371001418 | AG23: =+AF23/AF24 -> 0.36846028 | AH23: =IF(OR(AG23>=0.03,AG23="INDETERMINADO"),"CUMPLE","NO CUMPLE") -> CUMPLE | AJ23: =AJ18 -> 33269808 | AK23: =+AJ23/AJ24 -> 0.041247138 | AL23: =IF(OR(AK23>=0.03,AK23="INDETERMINADO"),"CUMPLE","NO CUMPLE") -> CUMPLE | AN23: =+AN18 -> 26464971 | AO23: =+AN23/AN24 -> 0.0051247704 | AP23: =IF(OR(AO23>=0.03,AO23="INDETERMINADO"),"CUMPLE","NO CUMPLE") -> NO CUMPLE | AR23: =+AR18 -> 928960127 | AS23: =+AR23/AR24 -> 0.30125576 | AT23: =IF(OR(AS23>=0.03,AS23="INDETERMINADO"),"CUMPLE","NO CUMPLE") -> CUMPLE | AV23: =+AV18 -> 553611804 | AW23: =+AV23/AV24 -> 0.29747598 | AX23: =IF(OR(AW23>=0.03,AW23="INDETERMINADO"),"CUMPLE","NO CUMPLE") -> CUMPLE | AZ23: =+AZ18 -> 208715872 | BA23: =+AZ23/AZ24 -> 0.1713806 | BB23: =IF(OR(BA23>=0.03,BA23="INDETERMINADO"),"CUMPLE","NO CUMPLE") -> CUMPLE | BD23: =+BD18 -> 1552515219 | BE23: =+BD23/BD24 -> 0.091209799 | BF23: =IF(OR(BE23>=0.03,BE23="INDETERMINADO"),"CUMPLE","NO CUMPLE") -> CUMPLE | BH23: =+BH18 -> 718766255 | BI23: =+BH23/BH24 -> 0.18524982 | BJ23: =IF(OR(BI23>=0.03,BI23="INDETERMINADO"),"CUMPLE","NO CUMPLE") -> CUMPLE | BL23: =+BL18 -> 147242183 | BM23: =+BL23/BL24 -> 0.083012742 | BN23: =IF(OR(BM23>=0.03,BM23="INDETERMINADO"),"CUMPLE","NO CUMPLE") -> CUMPLE | BP23: =+BP18 -> 1106712255 | BQ23: =+BP23/BP24 -> 0.099257003 | BR23: =IF(OR(BQ23>=0.03,BQ23="INDETERMINADO"),"CUMPLE","NO CUMPLE") -> CUMPLE | BT23: =+BT18 -> 1027197682 | BU23: =+BT23/BT24 -> 0.11592134 | BV23: =IF(OR(BU23>=0.03,BU23="INDETERMINADO"),"CUMPLE","NO CUMPLE") -> CUMPLE | BX23: =+BX18 -> 355862300 | BY23: =+BX23/BX24 -> 0.20558963 | BZ23: =IF(OR(BY23>=0.03,BY23="INDETERMINADO"),"CUMPLE","NO CUMPLE") -> CUMPLE | CB23: =CB21 -> 603418107 | CC23: =+CB23/CB24 -> 0.052521443 | CD23: =IF(OR(CC23>=0.03,CC23="INDETERMINADO"),"CUMPLE","NO CUMPLE") -> CUMPLE | CF23: 5.2202903e+08 | CG23: =+CF23/CF24 -> 0.13040802 | CH23: =IF(OR(CG23>=0,CG23="INDETERMINADO"),"CUMPLE","NO CUMPLE") -> CUMPLE | CJ23: 161347000 | CK23: 0.025777215 | CL23: CUMPLE | CN23: 45034128 | CO23: =+CN23/CN24 -> 0.12898117 | CP23: =IF(OR(CO23>=0.02,CO23="INDETERMINADO"),"CUMPLE","NO CUMPLE") -> CUMPLE | CR23: 1.121082e+09 | CS23: =+CR23/CR24 -> 0.1322053 | CT23: =IF(OR(CS23>=0.02,CS23="INDETERMINADO"),"CUMPLE","NO CUMPLE") -> CUMPLE | CV23: 218461352 | CW23: =+CV23/CV24 -> 0.2941014 | CX23: =IF(OR(CW23>=0,CW23="INDETERMINADO"),"CUMPLE","NO CUMPLE") -> CUMPLE | CZ23: 409976496 | DA23: =+CZ23/CZ24 -> 0.1069617 | DB23: =IF(OR(DA23>=0.02,DA23="INDETERMINADO"),"CUMPLE","NO CUMPLE") -> CUMPLE | DD23: 56021945 | DE23: =+DD23/DD24 -> 0.019285518 | DF23: =IF(OR(DE23>=0,DE23="INDETERMINADO"),"CUMPLE","NO CUMPLE") -> CUMPLE | DH23: 21266861 | DI23: =+DH23/DH24 -> 0.0044488442 | DJ23: =IF(OR(DI23>=0,DI23="INDETERMINADO"),"CUMPLE","NO CUMPLE") -> CUMPLE | DL23: 671953059 | DM23: =+DL23/DL24 -> 0.20100857 | DN23: =IF(OR(DM23>=0,DM23="INDETERMINADO"),"CUMPLE","NO CUMPLE") -> CUMPLE | DP23: 162050000 | DQ23: =+DP23/DP24 -> 0.16806801 | DR23: =IF(OR(DQ23>=0,DQ23="INDETERMINADO"),"CUMPLE","NO CUMPLE") -> CUMPLE | DT23: 1.6225815e+08 | DU23: =+DT23/DT24 -> 0.087344445 | DV23: =IF(OR(DU23>=0,DU23="INDETERMINADO"),"CUMPLE","NO CUMPLE") -> CUMPLE | DX23: 2.276621e+08 | DY23: =+DX23/DX24 -> 0.32800793 | DZ23: =IF(OR(DY23>=0,DY23="INDETERMINADO"),"CUMPLE","NO CUMPLE") -> CUMPLE | EB23: 2.1540074e+08 | EC23: =+EB23/EB24 -> 0.025759268 | ED23: =IF(OR(EC23>=0.02,EC23="INDETERMINADO"),"CUMPLE","NO CUMPLE") -> CUMPLE | EF23: 487615695 | EG23: =+EF23/EF24 -> 0.10272567 | EH23: =IF(OR(EG23>=0,EG23="INDETERMINADO"),"CUMPLE","NO CUMPLE") -> CUMPLE | EJ23: 107230238 | EK23: =+EJ23/EJ24 -> 0.067928045 | EL23: =IF(OR(EK23>=0.02,EK23="INDETERMINADO"),"CUMPLE","NO CUMPLE") -> CUMPLE | EN23: 1.7126103e+08 | EO23: =+EN23/EN24 -> 0.060674401 | EP23: =IF(OR(EO23>=0,EO23="INDETERMINADO"),"CUMPLE","NO CUMPLE") -> CUMPLE | ER23: 642224500 | ES23: =+ER23/ER24 -> 0.1568053 | ET23: =IF(OR(ES23>=0,ES23="INDETERMINADO"),"CUMPLE","NO CUMPLE") -> CUMPLE | EV23: 1.1338809e+08 | EW23: =+EV23/EV24 -> 0.21264828 | EX23: =IF(OR(EW23>=0.02,EW23="INDETERMINADO"),"CUMPLE","NO CUMPLE") -> CUMPLE | EZ23: 1.6082143e+08 | FA23: =+EZ23/EZ24 -> 0.17427288 | FB23: =IF(OR(FA23>=0.02,FA23="INDETERMINADO"),"CUMPLE","NO CUMPLE") -> CUMPLE | FD23: 80495284 | FE23: =+FD23/FD24 -> 0.048881935 | FF23: =IF(OR(FE23>=0,FE23="INDETERMINADO"),"CUMPLE","NO CUMPLE") -> CUMPLE | FH23: =+FH18 -> 631449.8 | FI23: =+FH23/FH24 -> 0.013414381 | FJ23: =IF(OR(FI23>=0,FI23="INDETERMINADO"),"CUMPLE","NO CUMPLE") -> CUMPLE | FL23: =+FL18 -> 233530103 | FM23: =+FL23/FL24 -> 0.11897108 | FN23: =IF(OR(FM23>=0,FM23="INDETERMINADO"),"CUMPLE","NO CUMPLE") -> CUMPLE | FP23: =+FP18 -> 724480000 | FQ23: =+FP23/FP24 -> 0.05902188 | FR23: =IF(OR(FQ23>=0,FQ23="INDETERMINADO"),"CUMPLE","NO CUMPLE") -> CUMPLE | FT23: =+FT18 -> 2.8243318e+08 | FU23: =+FT23/FT24 -> 0.061019834 | FV23: =IF(OR(FU23>=0,FU23="INDETERMINADO"),"CUMPLE","NO CUMPLE") -> CUMPLE | FX23: =+FX18 -> 631450 | FY23: =+FX23/FX24 -> 0.00075685072 | FZ23: =IF(OR(FY23>=0,FY23="INDETERMINADO"),"CUMPLE","NO CUMPLE") -> CUMPLE | GB23: =+GB18 -> 1507592252 | GC23: =+GB23/GB24 -> 0.15831441 | GD23: =IF(OR(GC23>=0,GC23="INDETERMINADO"),"CUMPLE","NO CUMPLE") -> CUMPLE | GF23: =+GF18 -> 107684847 | GG23: =+GF23/GF24 -> 0.073011655 | GH23: =IF(OR(GG23>=0,GG23="INDETERMINADO"),"CUMPLE","NO CUMPLE") -> CUMPLE | GJ23: =+GJ18 -> 21523748 | GK23: =+GJ23/GJ24 -> 0.18797405 | GL23: =IF(OR(GK23>=0,GK23="INDETERMINADO"),"CUMPLE","NO CUMPLE") -> CUMPLE | GN23: =GN18 -> 53711263 | GO23: =+GN23/GN24 -> 0.072778753 | GP23: =IF(OR(GO23>=0,GO23="INDETERMINADO"),"CUMPLE","NO CUMPLE") -> CUMPLE | GR23: =+GR18 -> 2.7773278e+09 | GS23: =+GR23/GR24 -> 0.23167064 | GT23: =IF(OR(GS23>=0,GS23="INDETERMINADO"),"CUMPLE","NO CUMPLE") -> CUMPLE | GV23: =+GV18 -> 556702646 | GW23: =+GV23/GV24 -> 0.18228584 | GX23: =IF(OR(GW23>=0,GW23="INDETERMINADO"),"CUMPLE","NO CUMPLE") -> CUMPLE | GZ23: =+GZ18 -> 105954535 | HA23: =+GZ23/GZ24 -> 0.040165078 | HB23: =IF(OR(HA23>=0,HA23="INDETERMINADO"),"CUMPLE","NO CUMPLE") -> CUMPLE | HD23: =+HD18 -> 86427000 | HE23: =+HD23/HD24 -> 0.024860041 | HF23: =IF(OR(HE23>=0,HE23="INDETERMINADO"),"CUMPLE","NO CUMPLE") -> CUMPLE | HH23: =+HH18 -> 852957155 | HI23: =+HH23/HH24 -> 0.83464498 | HJ23: =IF(OR(HI23>=0,HI23="INDETERMINADO"),"CUMPLE","NO CUMPLE") -> CUMPLE | HL23: =+HL18 -> 4.46985e+08 | HM23: =+HL23/HL24 -> 0.18403944 | HN23: =IF(OR(HM23>=0,HM23="INDETERMINADO"),"CUMPLE","NO CUMPLE") -> CUMPLE | HP23: =+HP18 -> 6.324501e+08 | HQ23: =+HP23/HP24 -> 0.20808763 | HR23: =IF(OR(HQ23>=0,HQ23="INDETERMINADO"),"CUMPLE","NO CUMPLE") -> CUMPLE | HT23: =+HT18 -> 39590602 | HU23: =+HT23/HT24 -> 0.015701272 | HV23: =IF(OR(HU23>=0,HU23="INDETERMINADO"),"CUMPLE","NO CUMPLE") -> CUMPLE | HX23: =+HX18 -> 162890223 | HY23: =+HX23/HX24 -> 0.2382315 | HZ23: =IF(OR(HY23>=0,HY23="INDETERMINADO"),"CUMPLE","NO CUMPLE") -> CUMPLE | IB23: =+IB18 -> 237990711 | IC23: =+IB23/IB24 -> 0.03545531 | ID23: =IF(OR(IC23>=0,IC23="INDETERMINADO"),"CUMPLE","NO CUMPLE") -> CUMPLE | IF23: =IF21 -> 408058312 | IG23: =+IF23/IF24 -> 0.15770509 | IH23: =IF(OR(IG23>=0,IG23="INDETERMINADO"),"CUMPLE","NO CUMPLE") -> CUMPLE | IJ23: 915984132 | IK23: 0.67818678 | IL23: CUMPLE | IN23: 60975836 | IO23: 0.11746673 | IP23: CUMPLE | IR23: 131084969 | IS23: 0.087866729 | IT23: CUMPLE | IV23: 402798000 | IW23: 0.20807649 | IX23: CUMPLE | IZ23: 3796932 | JA23: 0.062238988 | JB23: CUMPLE | JD23: 1514398544 | JE23: 0.16742902 | JF23: CUMPLE | JH23: 1.032143e+08 | JI23: 0.045282221 | JJ23: CUMPLE | JL23: 4.7440249e+08 | JM23: 0.17149912 | JN23: CUMPLE | JP23: 7.3728542e+08 | JQ23: 0.1288558 | JR23: CUMPLE | JT23: 4.7440249e+08 | JU23: 0.17149912 | JV23: CUMPLE | JX23: 1411671166 | JY23: 0.24345665 | JZ23: CUMPLE | KB23: 900985000 | KC23: 0.31313133 | KD23: CUMPLE
C24: ACTIVO TOTAL | D24: =+D17 -> 2479220530 | H24: =+H17 -> 5447746658 | L24: =+L17 -> 1843233244 | P24: =+P17 -> 1280335427 | T24: =+T17 -> 1497049088 | X24: =+X17 -> 14922388852 | AB24: =+AB17 -> 3287699000 | AF24: =+AF17 -> 1006896627 | AJ24: =AJ17 -> 806596770 | AN24: =+AN17 -> 5164128096 | AR24: =+AR17 -> 3083626064 | AV24: =+AV17 -> 1861030267 | AZ24: =+AZ17 -> 1217850029 | BD24: =+BD17 -> 17021364369 | BH24: =+BH17 -> 3879983491 | BL24: =+BL17 -> 1773729901 | BP24: =+BP17 -> 11149966472 | BT24: =+BT17 -> 8861161094 | BX24: =+BX17 -> 1730935100 | CB24: =CB17 -> 11488985605 | CF24: 4.0030439e+09 | CJ24: 6259287500 | CN24: 349152723 | CR24: 8.4798572e+09 | CV24: 742809622 | CZ24: 3832927868 | DD24: 2904871124 | DH24: 4780311522 | DL24: 3.3429076e+09 | DP24: 964193000 | DT24: 1.8576814e+09 | DX24: 6.9407499e+08 | EB24: 8.3620678e+09 | EF24: 4.7467753e+09 | EJ24: 1578585675 | EN24: 2822624181 | ER24: 4095681000 | EV24: 5.3321894e+08 | EZ24: 9.2281387e+08 | FD24: 1646728689 | FH24: =+FH17 -> 47072601 | FL24: =+FL17 -> 1.9629149e+09 | FP24: =+FP17 -> 12274770000 | FT24: =+FT17 -> 4.6285471e+09 | FX24: =+FX17 -> 8.3431248e+08 | GB24: =+GB17 -> 9522773343 | GF24: =+GF17 -> 1474899403 | GJ24: =+GJ17 -> 1.1450383e+08 | GN24: =GN17 -> 738007462 | GR24: =+GR17 -> 1.198826e+10 | GV24: =+GV17 -> 3054009333 | GZ24: =+GZ17 -> 2.6379766e+09 | HD24: =+HD17 -> 3476543000 | HH24: =+HH17 -> 1021940078 | HL24: =+HL17 -> 2.4287457e+09 | HP24: =+HP17 -> 3.039345e+09 | HT24: =+HT17 -> 2521490126 | HX24: =+HX17 -> 683747642 | IB24: =+IB17 -> 6712413756 | IF24: =IF17 -> 2587477134 | IJ24: 1350636960 | IN24: 5.1909025e+08 | IR24: 1.4918613e+09 | IV24: 1935817000 | IZ24: 61005683 | JD24: 9045018085 | JH24: 2.2793559e+09 | JL24: 2.7662095e+09 | JP24: 5.7217869e+09 | JT24: 2.7662095e+09 | JX24: 5798449923 | KB24: 2877339000
A25: CAPITAL DE TRABAJO | B25: CTd=$38,283,228 | C25: CT = AC-PC≥ CTd | D25: =D14-D15 -> -287455885 | F25: =IF(OR(D25>=38283228,D25="INDETERMINADO"),"CUMPLE","NO CUMPLE") -> NO CUMPLE | H25: =H14-H15 -> 4741392270 | J25: =IF(OR(H25>=38283228,H25="INDETERMINADO"),"CUMPLE","NO CUMPLE") -> CUMPLE | L25: =L14-L15 -> 1091958902 | N25: =IF(OR(L25>=38283228,L25="INDETERMINADO"),"CUMPLE","NO CUMPLE") -> CUMPLE | P25: =P14-P15 -> 980635298 | R25: =IF(OR(P25>=38283228,P25="INDETERMINADO"),"CUMPLE","NO CUMPLE") -> CUMPLE | T25: =T14-T15 -> 1424525788 | V25: =IF(OR(T25>=38283228,T25="INDETERMINADO"),"CUMPLE","NO CUMPLE") -> CUMPLE | X25: =X14-X15 -> 11869208148 | Z25: =IF(OR(X25>=38283228,X25="INDETERMINADO"),"CUMPLE","NO CUMPLE") -> CUMPLE | AB25: =AB14-AB15 -> 2266213000 | AD25: =IF(OR(AB25>=38283228,AB25="INDETERMINADO"),"CUMPLE","NO CUMPLE") -> CUMPLE | AF25: =AF14-AF15 -> 581881826 | AH25: =IF(OR(AF25>=38283228,AF25="INDETERMINADO"),"CUMPLE","NO CUMPLE") -> CUMPLE | AJ25: =AJ14-AJ15 -> 3121229755 | AL25: =IF(OR(AJ25>=38283228,AJ25="INDETERMINADO"),"CUMPLE","NO CUMPLE") -> CUMPLE | AN25: =AN14-AN15 -> 4219798147 | AP25: =IF(OR(AN25>=38283228,AN25="INDETERMINADO"),"CUMPLE","NO CUMPLE") -> CUMPLE | AR25: =AR14-AR15 -> 974715285 | AT25: =IF(OR(AR25>=38283228,AR25="INDETERMINADO"),"CUMPLE","NO CUMPLE") -> CUMPLE | AV25: =AV14-AV15 -> 1421820598 | AX25: =IF(OR(AV25>=38283228,AV25="INDETERMINADO"),"CUMPLE","NO CUMPLE") -> CUMPLE | AZ25: =AZ14-AZ15 -> 869274838 | BB25: =IF(OR(AZ25>=38283228,AZ25="INDETERMINADO"),"CUMPLE","NO CUMPLE") -> CUMPLE | BD25: =BD14-BD15 -> 11930563028 | BF25: =IF(OR(BD25>=38283228,BD25="INDETERMINADO"),"CUMPLE","NO CUMPLE") -> CUMPLE | BH25: =BH14-BH15 -> 3133405884 | BJ25: =IF(OR(BH25>=38283228,BH25="INDETERMINADO"),"CUMPLE","NO CUMPLE") -> CUMPLE | BL25: =BL14-BL15 -> 814821041 | BN25: =IF(OR(BL25>=38283228,BL25="INDETERMINADO"),"CUMPLE","NO CUMPLE") -> CUMPLE | BP25: =BP14-BP15 -> 4010183072 | BR25: =IF(OR(BP25>=38283228,BP25="INDETERMINADO"),"CUMPLE","NO CUMPLE") -> CUMPLE | BT25: =BT14-BT15 -> 3967445887 | BV25: =IF(OR(BT25>=38283228,BT25="INDETERMINADO"),"CUMPLE","NO CUMPLE") -> CUMPLE | BX25: =BX14-BX15 -> 976255400 | BZ25: =IF(OR(BX25>=938283228,BX25="INDETERMINADO"),"CUMPLE","NO CUMPLE") -> CUMPLE | CB25: =CB14-CB15 -> 3978170140 | CD25: =IF(OR(CB25>=38283228,CB25="INDETERMINADO"),"CUMPLE","NO CUMPLE") -> CUMPLE | CF25: =CF14-CF15 -> 2.2642687e+09 | CH25: =IF(OR(H25>=$B25,H25="INDETERMINADO"),"CUMPLE","NO CUMPLE") -> NO CUMPLE | CJ25: 4637305900 | CL25: CUMPLE | CN25: =CN14-CN15 -> 173022596 | CP25: CUMPLE | CR25: =CR14-CR15 -> 6.1670141e+09 | CT25: CUMPLE | CV25: =CV14-CV15 -> 624450323 | CX25: CUMPLE | CZ25: =CZ14-CZ15 -> 1843693450 | DB25: CUMPLE | DD25: =DD14-DD15 -> 2737633718 | DF25: CUMPLE | DH25: =DH14-DH15 -> 4542555998 | DJ25: CUMPLE | DL25: =DL14-DL15 -> 2.2254321e+09 | DN25: CUMPLE | DP25: =DP14-DP15 -> 837247000 | DR25: CUMPLE | DT25: =DT14-DT15 -> 1.3853241e+09 | DV25: CUMPLE | DX25: =DX14-DX15 -> 5.9758656e+08 | DZ25: CUMPLE | EB25: =EB14-EB15 -> 3.3876478e+09 | ED25: CUMPLE | EF25: =EF14-EF15 -> 4.6585203e+09 | EH25: CUMPLE | EJ25: =EJ14-EJ15 -> 1095764390 | EL25: CUMPLE | EN25: =EN14-EN15 -> 1.9695134e+09 | EP25: CUMPLE | ER25: =ER14-ER15 -> 2079133000 | ET25: CUMPLE | EV25: =EV14-EV15 -> 4.9411357e+08 | EX25: CUMPLE | EZ25: =EZ14-EZ15 -> 7.694949e+08 | FB25: CUMPLE | FD25: =FD14-FD15 -> 1.0807153e+09 | FF25: CUMPLE | FH25: =FH14-FH15 -> 46985392 | FI25: =FH25 -> 46985392 | FJ25: =IF(OR(FH25>=38283228,FH25="INDETERMINADO"),"CUMPLE","NO CUMPLE") -> CUMPLE | FL25: =FL14-FL15 -> 7.3360944e+08 | FM25: =FL25 -> 7.3360944e+08 | FN25: =IF(OR(FL25>=38283228.8,FL25="INDETERMINADO"),"CUMPLE","NO CUMPLE") -> CUMPLE | FP25: =FP14-FP15 -> 9459250000 | FQ25: =FP25 -> 9459250000 | FR25: =IF(OR(FP25>38283228.8,FP25="INDETERMINADO"),"CUMPLE","NO CUMPLE") -> CUMPLE | FT25: =FT14-FT15 -> 3.4326235e+09 | FU25: =FT25 -> 3.4326235e+09 | FV25: =IF(OR(FT25>=38283228.8,FT25="INDETERMINADO"),"CUMPLE","NO CUMPLE") -> CUMPLE | FX25: =FX14-FX15 -> 7.7520473e+08 | FY25: =FX25 -> 7.7520473e+08 | FZ25: =IF(OR(FX25>=38283228.8,FX25="INDETERMINADO"),"CUMPLE","NO CUMPLE") -> CUMPLE | GB25: =GB14-GB15 -> 6290056496 | GC25: =GB25 -> 6290056496 | GD25: =IF(OR(GB25>=38283228.8,GB25="INDETERMINADO"),"CUMPLE","NO CUMPLE") -> CUMPLE | GF25: =GF14-GF15 -> 1271780998 | GH25: =IF(OR(GF25>=38283228.8,GF25="INDETERMINADO"),"CUMPLE","NO CUMPLE") -> CUMPLE | GJ25: =GJ14-GJ15 -> 112376091 | GK25: =GJ25 -> 112376091 | GL25: =IF(OR(GJ25>=38283228.8,GJ25="INDETERMINADO"),"CUMPLE","NO CUMPLE") -> CUMPLE | GN25: =GN14-GN15 -> 6.091217e+08 | GO25: =GN25 -> 6.091217e+08 | GP25: =IF(OR(GN25>=38283228.8,GN25="INDETERMINADO"),"CUMPLE","NO CUMPLE") -> CUMPLE | GR25: =GR14-GR15 -> 9.2264495e+09 | GS25: =GR25 -> 9.2264495e+09 | GT25: =IF(OR(GR25>=38283228.8,GR25="INDETERMINADO"),"CUMPLE","NO CUMPLE") -> CUMPLE | GV25: =GV14-GV15 -> 1337630761 | GW25: =GV25 -> 1337630761 | GX25: =IF(OR(GV25>=38283228.8,GV25="INDETERMINADO"),"CUMPLE","NO CUMPLE") -> CUMPLE | GZ25: =GZ14-GZ15 -> 1395107266 | HA25: =GZ25 -> 1395107266 | HB25: =IF(OR(GZ25>=38283228.8,GZ25="INDETERMINADO"),"CUMPLE","NO CUMPLE") -> CUMPLE | HD25: =HD14-HD15 -> 3252636000 | HE25: =HD25 -> 3252636000 | HF25: =IF(OR(HD25>=38283228.8,HD25="INDETERMINADO"),"CUMPLE","NO CUMPLE") -> CUMPLE | HH25: =HH14-HH15 -> 907288549 | HI25: =HH25 -> 907288549 | HJ25: =IF(OR(HH25>=38283228.8,HH25="INDETERMINADO"),"CUMPLE","NO CUMPLE") -> CUMPLE | HL25: =HL14-HL15 -> 1812091727 | HN25: =IF(OR(HL25>=38283228.8,HL25="INDETERMINADO"),"CUMPLE","NO CUMPLE") -> CUMPLE | HP25: =HP14-HP15 -> 1.2437389e+09 | HQ25: =HP25 -> 1.2437389e+09 | HR25: =IF(OR(HP25>=38283228.8,HP25="INDETERMINADO"),"CUMPLE","NO CUMPLE") -> CUMPLE | HT25: =HT14-HT15 -> 1225044904 | HU25: =HT25 -> 1225044904 | HV25: =IF(OR(HT25>=38283228.8,HT25="INDETERMINADO"),"CUMPLE","NO CUMPLE") -> CUMPLE | HX25: =HX14-HX15 -> 501185697 | HY25: =HX25 -> 501185697 | HZ25: =IF(OR(HX25>=38283228.8,HX25="INDETERMINADO"),"CUMPLE","NO CUMPLE") -> CUMPLE | IB25: =IB14-IB15 -> 5373242784 | IC25: =IB25 -> 5373242784 | ID25: =IF(OR(IB25>=38283228.8,IB25="INDETERMINADO"),"CUMPLE","NO CUMPLE") -> CUMPLE | IF25: =IF14-IF15 -> 1804807134 | IG25: =IF25 -> 1804807134 | IH25: =IF(OR(IF25>=38283228.8,IF25="INDETERMINADO"),"CUMPLE","NO CUMPLE") -> CUMPLE | IJ25: =IJ14-IJ15 -> 2367369971 | IK25: =IJ25 -> 2367369971 | IL25: =IF(OR(IJ25>=38283228.8,IJ25="INDETERMINADO"),"CUMPLE","NO CUMPLE") -> CUMPLE | IN25: 3.98684e+08 | IP25: CUMPLE | IR25: 5.8456556e+08 | IT25: CUMPLE | IV25: 1237953000 | IX25: CUMPLE | IZ25: 50436985 | JB25: CUMPLE | JD25: 5996437506 | JF25: CUMPLE | JH25: 836226872 | JJ25: CUMPLE | JL25: 1800685295 | JN25: CUMPLE | JP25: 3.742493e+09 | JR25: CUMPLE | JT25: 1800685295 | JV25: CUMPLE | JX25: 3279046405 | JZ25: CUMPLE | KB25: =KB14-KB15 -> -390267500 | KD25: NO CUMPLE
A26: CAPACIDAD ORGANIZACIONAL | B26: Rentabilidad sobre Patrimonio | C26: ROE= UO/P | D26: =D23/D22 -> 0.088685187 | E26: =D26 -> 0.088685187 | F26: =IF(OR(D26>=0,D26="0"),"CUMPLE","NO CUMPLE") -> CUMPLE | H26: =H23/H22 -> 2.2198081 | I26: =H26 -> 2.2198081 | J26: =IF(OR(H26>=0,H26="0"),"CUMPLE","NO CUMPLE") -> CUMPLE | L26: =L23/L22 -> 0.19496456 | M26: =L26 -> 0.19496456 | N26: =IF(OR(L26>=0,L26="0"),"CUMPLE","NO CUMPLE") -> CUMPLE | P26: =P23/P22 -> 0.22303626 | Q26: =P26 -> 0.22303626 | R26: =IF(OR(P26>=0,P26="0"),"CUMPLE","NO CUMPLE") -> CUMPLE | T26: =T23/T22 -> 0.14561886 | U26: =T26 -> 0.14561886 | V26: =IF(OR(T26>=0,T26="0"),"CUMPLE","NO CUMPLE") -> CUMPLE | X26: =X23/X22 -> 0.064460217 | Y26: =X26 -> 0.064460217 | Z26: =IF(OR(X26>=0,X26="0"),"CUMPLE","NO CUMPLE") -> CUMPLE | AB26: =AB23/AB22 -> 3.4550675 | AC26: =AB26 -> 3.4550675 | AD26: =IF(OR(AB26>=0,AB26="0"),"CUMPLE","NO CUMPLE") -> CUMPLE | AF26: =AF23/AF22 -> 0.43129744 | AG26: =AF26 -> 0.43129744 | AH26: =IF(OR(AF26>=0,AF26="0"),"CUMPLE","NO CUMPLE") -> CUMPLE | AJ26: =AJ23/AJ22 -> 0.10438714 | AK26: =AJ26 -> 0.10438714 | AL26: =IF(OR(AJ26>=0,AJ26="0"),"CUMPLE","NO CUMPLE") -> CUMPLE | AN26: =AN23/AN22 -> 0.0091988241 | AO26: =AN26 -> 0.0091988241 | AP26: =IF(OR(AN26>=0,AN26="0"),"CUMPLE","NO CUMPLE") -> CUMPLE | AR26: =AR23/AR22 -> 0.44974028 | AS26: =AR26 -> 0.44974028 | AT26: =IF(OR(AR26>=0,AR26="0"),"CUMPLE","NO CUMPLE") -> CUMPLE | AV26: =AV23/AV22 -> 0.36011592 | AW26: =AV26 -> 0.36011592 | AX26: =IF(OR(AV26>=0,AV26="0"),"CUMPLE","NO CUMPLE") -> CUMPLE | AZ26: =AZ23/AZ22 -> 0.23992226 | BA26: =AZ26 -> 0.23992226 | BB26: =IF(OR(AZ26>=0,AZ26="0"),"CUMPLE","NO CUMPLE") -> CUMPLE | BD26: =BD23/BD22 -> 0.16548147 | BE26: =BD26 -> 0.16548147 | BF26: =IF(OR(BD26>=0,BD26="0"),"CUMPLE","NO CUMPLE") -> CUMPLE | BH26: =BH23/BH22 -> 0.21866836 | BI26: =BH26 -> 0.21866836 | BJ26: =IF(OR(BH26>=0,BH26="0"),"CUMPLE","NO CUMPLE") -> CUMPLE | BL26: =BL23/BL22 -> 0.092774999 | BM26: =BL26 -> 0.092774999 | BN26: =IF(OR(BL26>=0,BL26="0"),"CUMPLE","NO CUMPLE") -> CUMPLE | BP26: =BP23/BP22 -> 0.15712894 | BQ26: =BP26 -> 0.15712894 | BR26: =IF(OR(BP26>=0,BP26="0"),"CUMPLE","NO CUMPLE") -> CUMPLE | BT26: =BT23/BT22 -> 0.22813925 | BU26: =BT26 -> 0.22813925 | BV26: =IF(OR(BT26>=0,BT26="0"),"CUMPLE","NO CUMPLE") -> CUMPLE | BX26: =BX23/BX22 -> 0.23676055 | BY26: =BX26 -> 0.23676055 | BZ26: =IF(OR(BX26>=0,BX26="0"),"CUMPLE","NO CUMPLE") -> CUMPLE | CB26: =CB23/CB22 -> 0.091973178 | CC26: =CB26 -> 0.091973178 | CD26: =IF(OR(CB26>=0,CB26="0"),"CUMPLE","NO CUMPLE") -> CUMPLE | CF26: =CF21/CF22 -> 0.20277018 | CG26: =CF26 -> 0.20277018 | CH26: =IF(OR(CF26>=0,CF26="INDETERMINADO"),"CUMPLE","NO CUMPLE") -> CUMPLE | CJ26: 0.035161359 | CK26: 0.035161359 | CL26: CUMPLE | CN26: =CN21/CN22 -> 0.26027888 | CO26: =CN26 -> 0.26027888 | CP26: =IF(OR(CN26>=0,CN26="INDETERMINADO"),"CUMPLE","NO CUMPLE") -> CUMPLE | CR26: =CR21/CR22 -> 0.16620785 | CS26: =CR26 -> 0.16620785 | CT26: =IF(OR(CR26>=0,CR26="INDETERMINADO"),"CUMPLE","NO CUMPLE") -> CUMPLE | CV26: =CV21/CV22 -> 0.33486563 | CW26: =CV26 -> 0.33486563 | CX26: =IF(OR(CV26>=0,CV26="INDETERMINADO"),"CUMPLE","NO CUMPLE") -> CUMPLE | CZ26: =CZ21/CZ22 -> 0.12632486 | DA26: =CZ26 -> 0.12632486 | DB26: =IF(OR(CZ26>=0,CZ26="INDETERMINADO"),"CUMPLE","NO CUMPLE") -> CUMPLE | DD26: =DD21/DD22 -> 0.020116487 | DE26: =DD26 -> 0.020116487 | DF26: =IF(OR(DD26>=0,DD26="INDETERMINADO"),"CUMPLE","NO CUMPLE") -> CUMPLE | DH26: =DH21/DH22 -> 0.0045436316 | DI26: =DH26 -> 0.0045436316 | DJ26: =IF(OR(DH26>=0,DH26="INDETERMINADO"),"CUMPLE","NO CUMPLE") -> CUMPLE | DL26: =DL21/DL22 -> 0.42883437 | DM26: =DL26 -> 0.42883437 | DN26: =IF(OR(DL26>=0,DL26="INDETERMINADO"),"CUMPLE","NO CUMPLE") -> CUMPLE | DP26: =DP21/DP22 -> 0.19478732 | DQ26: =DP26 -> 0.19478732 | DR26: =IF(OR(DP26>=0,DP26="INDETERMINADO"),"CUMPLE","NO CUMPLE") -> CUMPLE | DT26: =DT21/DT22 -> 0.10824471 | DU26: =DT26 -> 0.10824471 | DV26: =IF(OR(DT26>=0,DT26="INDETERMINADO"),"CUMPLE","NO CUMPLE") -> CUMPLE | DX26: =DX21/DX22 -> 0.38250479 | DY26: =DX26 -> 0.38250479 | DZ26: =IF(OR(DX26>=0,DX26="INDETERMINADO"),"CUMPLE","NO CUMPLE") -> CUMPLE | EB26: =EB21/EB22 -> 0.059934865 | EC26: =EB26 -> 0.059934865 | ED26: =IF(OR(EB26>=0,EB26="INDETERMINADO"),"CUMPLE","NO CUMPLE") -> CUMPLE | EF26: =EF21/EF22 -> 0.10587656 | EG26: =EF26 -> 0.10587656 | EH26: =IF(OR(EF26>=0,EF26="INDETERMINADO"),"CUMPLE","NO CUMPLE") -> CUMPLE | EJ26: =EJ21/EJ22 -> 0.10552997 | EK26: =EJ26 -> 0.10552997 | EL26: =IF(OR(EJ26>=0,EJ26="INDETERMINADO"),"CUMPLE","NO CUMPLE") -> CUMPLE | EN26: =EN21/EN22 -> 0.11474791 | EO26: =EN26 -> 0.11474791 | EP26: =IF(OR(EN26>=0,EN26="INDETERMINADO"),"CUMPLE","NO CUMPLE") -> CUMPLE | ER26: =ER21/ER22 -> 0.16557049 | ES26: =ER26 -> 0.16557049 | ET26: =IF(OR(ER26>=0,ER26="INDETERMINADO"),"CUMPLE","NO CUMPLE") -> CUMPLE | EV26: =EV21/EV22 -> 0.22997093 | EW26: =EV26 -> 0.22997093 | EX26: =IF(OR(EV26>=0,EV26="INDETERMINADO"),"CUMPLE","NO CUMPLE") -> CUMPLE | EZ26: =EZ21/EZ22 -> 0.17513771 | FA26: =EZ26 -> 0.17513771 | FB26: =IF(OR(EZ26>=0,EZ26="INDETERMINADO"),"CUMPLE","NO CUMPLE") -> CUMPLE | FD26: =FD21/FD22 -> 0.059346017 | FE26: =FD26 -> 0.059346017 | FF26: =IF(OR(FD26>=0,FD26="INDETERMINADO"),"CUMPLE","NO CUMPLE") -> CUMPLE | FH26: =FH21/FH22 -> 0.013439279 | FI26: =FH26 -> 0.013439279 | FJ26: =IF(OR(FH26>=0,FH26="INDETERMINADO"),"CUMPLE","NO CUMPLE") -> CUMPLE | FL26: =FL21/FL22 -> 0.12504758 | FM26: =FL26 -> 0.12504758 | FN26: =IF(OR(FL26>=0,FL26="INDETERMINADO"),"CUMPLE","NO CUMPLE") -> CUMPLE | FP26: =FP21/FP22 -> 0.10238538 | FQ26: =FP26 -> 0.10238538 | FR26: =IF(OR(FP26>=0,FP26="INDETERMINADO"),"CUMPLE","NO CUMPLE") -> CUMPLE | FT26: =FT21/FT22 -> 0.068373808 | FU26: =FT26 -> 0.068373808 | FV26: =IF(OR(FT26>=0,FT26="INDETERMINADO"),"CUMPLE","NO CUMPLE") -> CUMPLE | FX26: =FX21/FX22 -> 0.00080022752 | FY26: =FX26 -> 0.00080022752 | FZ26: =IF(OR(FX26>=0,FX26="INDETERMINADO"),"CUMPLE","NO CUMPLE") -> CUMPLE | GB26: =GB21/GB22 -> 0.44927426 | GC26: =GB26 -> 0.44927426 | GD26: =IF(OR(GB26>=0,GB26="INDETERMINADO"),"CUMPLE","NO CUMPLE") -> CUMPLE | GF26: =GF21/GF22 -> 0.096736591 | GG26: =GF26 -> 0.096736591 | GH26: =IF(OR(GF26>=0,GF26="INDETERMINADO"),"CUMPLE","NO CUMPLE") -> CUMPLE | GJ26: =GJ21/GJ22 -> 0.028177929 | GK26: =GJ26 -> 0.028177929 | GL26: =IF(OR(GJ26>=0,GJ26="INDETERMINADO"),"CUMPLE","NO CUMPLE") -> CUMPLE | GN26: =GN21/GN22 -> 0.08068551 | GO26: =GN26 -> 0.08068551 | GP26: =IF(OR(GN26>=0,GN26="INDETERMINADO"),"CUMPLE","NO CUMPLE") -> CUMPLE | GR26: =GR21/GR22 -> 0.27905552 | GS26: =GR26 -> 0.27905552 | GT26: =IF(OR(GR26>=0,GR26="INDETERMINADO"),"CUMPLE","NO CUMPLE") -> CUMPLE | GV26: =GV21/GV22 -> 0.50733377 | GW26: =GV26 -> 0.50733377 | GX26: =IF(OR(GV26>=0,GV26="INDETERMINADO"),"CUMPLE","NO CUMPLE") -> CUMPLE | GZ26: =GZ21/GZ22 -> 0.072941323 | HA26: =GZ26 -> 0.072941323 | HB26: =IF(OR(GZ26>=0,GZ26="INDETERMINADO"),"CUMPLE","NO CUMPLE") -> CUMPLE | HD26: =HD21/HD22 -> 0.031310466 | HE26: =HD26 -> 0.031310466 | HF26: =IF(OR(HD26>=0,HD26="INDETERMINADO"),"CUMPLE","NO CUMPLE") -> CUMPLE | HH26: =HH21/HH22 -> 0.90170755 | HI26: =HH26 -> 0.90170755 | HJ26: =IF(OR(HH26>=0,HH26="INDETERMINADO"),"CUMPLE","NO CUMPLE") -> CUMPLE | HL26: =HL21/HL22 -> 0.22570552 | HM26: =HL26 -> 0.22570552 | HN26: =IF(OR(HL26>=0,HL26="INDETERMINADO"),"CUMPLE","NO CUMPLE") -> CUMPLE | HP26: =HP21/HP22 -> 0.34672254 | HQ26: =HP26 -> 0.34672254 | HR26: =IF(OR(HP26>=0,HP26="INDETERMINADO"),"CUMPLE","NO CUMPLE") -> CUMPLE | HT26: =HT21/HT22 -> 0.028816094 | HU26: =HT26 -> 0.028816094 | HV26: =IF(OR(HT26>=0,HT26="INDETERMINADO"),"CUMPLE","NO CUMPLE") -> CUMPLE | HX26: =HX21/HX22 -> 0.27185266 | HY26: =HX26 -> 0.27185266 | HZ26: =IF(OR(HX26>=0,HX26="INDETERMINADO"),"CUMPLE","NO CUMPLE") -> CUMPLE | IB26: =IB21/IB22 -> 0.05899369 | IC26: =IB26 -> 0.05899369 | ID26: =IF(OR(IB26>=0,IB26="INDETERMINADO"),"CUMPLE","NO CUMPLE") -> CUMPLE | IF26: =IF21/IF22 -> 0.15955502 | IG26: =IF26 -> 0.15955502 | IH26: =IF(OR(IF26>=0,IF26="INDETERMINADO"),"CUMPLE","NO CUMPLE") -> CUMPLE | IJ26: 0.33154081 | IK26: 0.33154081 | IL26: CUMPLE | IN26: 0.32485545 | IP26: CUMPLE | IR26: 0.1968922 | IT26: CUMPLE | IV26: 0.20921126 | IX26: CUMPLE | IZ26: 0.067277371 | JB26: CUMPLE | JD26: 0.23219435 | JF26: CUMPLE | JH26: 0.11814432 | JJ26: CUMPLE | JL26: 0.31133499 | JN26: CUMPLE | JP26: 0.26521124 | JR26: CUMPLE | JT26: 0.31133499 | JV26: CUMPLE | JX26: 0.68343663 | JZ26: CUMPLE | KB26: 0.39061672 | KD26: CUMPLE
B27: Rentabilidad sobre activo | C27: ROA=UO/AT | D27: =D21/D24 -> 0.069874712 | E27: =D27 -> 0.069874712 | F27: =IF(OR(D27>=0,D27="INDETERMINADO"),"CUMPLE","NO CUMPLE") -> CUMPLE | H27: =H21/H24 -> 2.0205202 | I27: =H27 -> 2.0205202 | J27: =IF(OR(H27>=0,H27="INDETERMINADO"),"CUMPLE","NO CUMPLE") -> CUMPLE | L27: =L21/L24 -> 0.11931506 | M27: =L27 -> 0.11931506 | N27: =IF(OR(L27>=0,L27="INDETERMINADO"),"CUMPLE","NO CUMPLE") -> CUMPLE | P27: =P21/P24 -> 0.12374269 | Q27: =P27 -> 0.12374269 | R27: =IF(OR(P27>=0,P27="INDETERMINADO"),"CUMPLE","NO CUMPLE") -> CUMPLE | T27: =T21/T24 -> 0.11862401 | U27: =T27 -> 0.11862401 | V27: =IF(OR(T27>=0,T27="INDETERMINADO"),"CUMPLE","NO CUMPLE") -> CUMPLE | X27: =X21/X24 -> 0.052397835 | Y27: =X27 -> 0.052397835 | Z27: =IF(OR(X27>=0,X27="INDETERMINADO"),"CUMPLE","NO CUMPLE") -> CUMPLE | AB27: =AB21/AB24 -> 0.056553535 | AC27: =AB27 -> 0.056553535 | AD27: =IF(OR(AB27>=0,AB27="INDETERMINADO"),"CUMPLE","NO CUMPLE") -> CUMPLE | AF27: =AF21/AF24 -> 0.36846028 | AG27: =AF27 -> 0.36846028 | AH27: =IF(OR(AF27>=0,AF27="INDETERMINADO"),"CUMPLE","NO CUMPLE") -> CUMPLE | AJ27: =AJ21/AJ24 -> 0.041247138 | AK27: =AJ27 -> 0.041247138 | AL27: =IF(OR(AJ27>=0,AJ27="INDETERMINADO"),"CUMPLE","NO CUMPLE") -> CUMPLE | AN27: =AN21/AN24 -> 0.0051247704 | AO27: =AN27 -> 0.0051247704 | AP27: =IF(OR(AN27>=0,AN27="INDETERMINADO"),"CUMPLE","NO CUMPLE") -> CUMPLE | AR27: =AR21/AR24 -> 0.30125576 | AS27: =AR27 -> 0.30125576 | AT27: =IF(OR(AR27>=0,AR27="INDETERMINADO"),"CUMPLE","NO CUMPLE") -> CUMPLE | AV27: =AV21/AV24 -> 0.29747598 | AW27: =AV27 -> 0.29747598 | AX27: =IF(OR(AV27>=0,AV27="INDETERMINADO"),"CUMPLE","NO CUMPLE") -> CUMPLE | AZ27: =AZ21/AZ24 -> 0.1713806 | BA27: =AZ27 -> 0.1713806 | BB27: =IF(OR(AZ27>=0,AZ27="INDETERMINADO"),"CUMPLE","NO CUMPLE") -> CUMPLE | BD27: =BD21/BD24 -> 0.091209799 | BE27: =BD27 -> 0.091209799 | BF27: =IF(OR(BD27>=0,BD27="INDETERMINADO"),"CUMPLE","NO CUMPLE") -> CUMPLE | BH27: =BH21/BH24 -> 0.18524982 | BI27: =BH27 -> 0.18524982 | BJ27: =IF(OR(BH27>=0,BH27="INDETERMINADO"),"CUMPLE","NO CUMPLE") -> CUMPLE | BL27: =BL21/BL24 -> 0.083012742 | BM27: =BL27 -> 0.083012742 | BN27: =IF(OR(BL27>=0,BL27="INDETERMINADO"),"CUMPLE","NO CUMPLE") -> CUMPLE | BP27: =BP21/BP24 -> 0.099257003 | BQ27: =BP27 -> 0.099257003 | BR27: =IF(OR(BP27>=0,BP27="INDETERMINADO"),"CUMPLE","NO CUMPLE") -> CUMPLE | BT27: =BT21/BT24 -> 0.11592134 | BU27: =BT27 -> 0.11592134 | BV27: =IF(OR(BT27>=0,BT27="INDETERMINADO"),"CUMPLE","NO CUMPLE") -> CUMPLE | BX27: =BX21/BX24 -> 0.20558963 | BY27: =BX27 -> 0.20558963 | BZ27: =IF(OR(BX27>=0,BX27="INDETERMINADO"),"CUMPLE","NO CUMPLE") -> CUMPLE | CB27: =CB21/CB24 -> 0.052521443 | CC27: =CB27 -> 0.052521443 | CD27: =IF(OR(CB27>=0,CB27="INDETERMINADO"),"CUMPLE","NO CUMPLE") -> CUMPLE | CF27: =CF21/CF24 -> 0.13040802 | CG27: =CF27 -> 0.13040802 | CH27: =IF(OR(CF27>=0,CF27="INDETERMINADO"),"CUMPLE","NO CUMPLE") -> CUMPLE | CJ27: 0.025777215 | CK27: 0.025777215 | CL27: CUMPLE | CN27: =CN21/CN24 -> 0.12898117 | CO27: =CN27 -> 0.12898117 | CP27: =IF(OR(CN27>=0,CN27="INDETERMINADO"),"CUMPLE","NO CUMPLE") -> CUMPLE | CR27: =CR21/CR24 -> 0.1322053 | CS27: =CR27 -> 0.1322053 | CT27: =IF(OR(CR27>=0,CR27="INDETERMINADO"),"CUMPLE","NO CUMPLE") -> CUMPLE | CV27: =CV21/CV24 -> 0.2941014 | CW27: =CV27 -> 0.2941014 | CX27: =IF(OR(CV27>=0,CV27="INDETERMINADO"),"CUMPLE","NO CUMPLE") -> CUMPLE | CZ27: =CZ21/CZ24 -> 0.1069617 | DA27: =CZ27 -> 0.1069617 | DB27: =IF(OR(CZ27>=0,CZ27="INDETERMINADO"),"CUMPLE","NO CUMPLE") -> CUMPLE | DD27: =DD21/DD24 -> 0.019285518 | DE27: =DD27 -> 0.019285518 | DF27: =IF(OR(DD27>=0,DD27="INDETERMINADO"),"CUMPLE","NO CUMPLE") -> CUMPLE | DH27: =DH21/DH24 -> 0.0044488442 | DI27: =DH27 -> 0.0044488442 | DJ27: =IF(OR(DH27>=0,DH27="INDETERMINADO"),"CUMPLE","NO CUMPLE") -> CUMPLE | DL27: =DL21/DL24 -> 0.20100857 | DM27: =DL27 -> 0.20100857 | DN27: =IF(OR(DL27>=0,DL27="INDETERMINADO"),"CUMPLE","NO CUMPLE") -> CUMPLE | DP27: =DP21/DP24 -> 0.16806801 | DQ27: =DP27 -> 0.16806801 | DR27: =IF(OR(DP27>=0,DP27="INDETERMINADO"),"CUMPLE","NO CUMPLE") -> CUMPLE | DT27: =DT21/DT24 -> 0.087344445 | DU27: =DT27 -> 0.087344445 | DV27: =IF(OR(DT27>=0,DT27="INDETERMINADO"),"CUMPLE","NO CUMPLE") -> CUMPLE | DX27: =DX21/DX24 -> 0.32800793 | DY27: =DX27 -> 0.32800793 | DZ27: =IF(OR(DX27>=0,DX27="INDETERMINADO"),"CUMPLE","NO CUMPLE") -> CUMPLE | EB27: =EB21/EB24 -> 0.025759268 | EC27: =EB27 -> 0.025759268 | ED27: =IF(OR(EB27>=0,EB27="INDETERMINADO"),"CUMPLE","NO CUMPLE") -> CUMPLE | EF27: =EF21/EF24 -> 0.10272567 | EG27: =EF27 -> 0.10272567 | EH27: =IF(OR(EF27>=0,EF27="INDETERMINADO"),"CUMPLE","NO CUMPLE") -> CUMPLE | EJ27: =EJ21/EJ24 -> 0.067928045 | EK27: =EJ27 -> 0.067928045 | EL27: =IF(OR(EJ27>=0,EJ27="INDETERMINADO"),"CUMPLE","NO CUMPLE") -> CUMPLE | EN27: =EN21/EN24 -> 0.060674401 | EO27: =EN27 -> 0.060674401 | EP27: =IF(OR(EN27>=0,EN27="INDETERMINADO"),"CUMPLE","NO CUMPLE") -> CUMPLE | ER27: =ER21/ER24 -> 0.1568053 | ES27: =ER27 -> 0.1568053 | ET27: =IF(OR(ER27>=0,ER27="INDETERMINADO"),"CUMPLE","NO CUMPLE") -> CUMPLE | EV27: =EV21/EV24 -> 0.21264828 | EW27: =EV27 -> 0.21264828 | EX27: =IF(OR(EV27>=0,EV27="INDETERMINADO"),"CUMPLE","NO CUMPLE") -> CUMPLE | EZ27: =EZ21/EZ24 -> 0.17427288 | FA27: =EZ27 -> 0.17427288 | FB27: =IF(OR(EZ27>=0,EZ27="INDETERMINADO"),"CUMPLE","NO CUMPLE") -> CUMPLE | FD27: =FD21/FD24 -> 0.048881935 | FE27: =FD27 -> 0.048881935 | FF27: =IF(OR(FD27>=0,FD27="INDETERMINADO"),"CUMPLE","NO CUMPLE") -> CUMPLE | FH27: =FH21/FH24 -> 0.013414381 | FI27: =FH27 -> 0.013414381 | FJ27: =IF(OR(FH27>=0,FH27="INDETERMINADO"),"CUMPLE","NO CUMPLE") -> CUMPLE | FL27: =FL21/FL24 -> 0.11897108 | FM27: =FL27 -> 0.11897108 | FN27: =IF(OR(FL27>=0,FL27="INDETERMINADO"),"CUMPLE","NO CUMPLE") -> CUMPLE | FP27: =FP21/FP24 -> 0.05902188 | FQ27: =FP27 -> 0.05902188 | FR27: =IF(OR(FP27>=0,FP27="INDETERMINADO"),"CUMPLE","NO CUMPLE") -> CUMPLE | FT27: =FT21/FT24 -> 0.061019834 | FU27: =FT27 -> 0.061019834 | FV27: =IF(OR(FT27>=0,FT27="INDETERMINADO"),"CUMPLE","NO CUMPLE") -> CUMPLE | FX27: =FX21/FX24 -> 0.00075685072 | FY27: =FX27 -> 0.00075685072 | FZ27: =IF(OR(FX27>=0,FX27="INDETERMINADO"),"CUMPLE","NO CUMPLE") -> CUMPLE | GB27: =GB21/GB24 -> 0.15831441 | GC27: =GB27 -> 0.15831441 | GD27: =IF(OR(GB27>=0,GB27="INDETERMINADO"),"CUMPLE","NO CUMPLE") -> CUMPLE | GF27: =GF21/GF24 -> 0.073011655 | GG27: =GF27 -> 0.073011655 | GH27: =IF(OR(GF27>=0,GF27="INDETERMINADO"),"CUMPLE","NO CUMPLE") -> CUMPLE | GJ27: =GJ21/GJ24 -> 0.18797405 | GK27: =GJ27 -> 0.18797405 | GL27: =IF(OR(GJ27>=0,GJ27="INDETERMINADO"),"CUMPLE","NO CUMPLE") -> CUMPLE | GN27: =GN21/GN24 -> 0.072778753 | GO27: =GN27 -> 0.072778753 | GP27: =IF(OR(GN27>=0,GN27="INDETERMINADO"),"CUMPLE","NO CUMPLE") -> CUMPLE | GR27: =GR21/GR24 -> 0.23167064 | GS27: =GR27 -> 0.23167064 | GT27: =IF(OR(GR27>=0,GR27="INDETERMINADO"),"CUMPLE","NO CUMPLE") -> CUMPLE | GV27: =GV21/GV24 -> 0.18228584 | GW27: =GV27 -> 0.18228584 | GX27: =IF(OR(GV27>=0,GV27="INDETERMINADO"),"CUMPLE","NO CUMPLE") -> CUMPLE | GZ27: =GZ21/GZ24 -> 0.040165078 | HA27: =GZ27 -> 0.040165078 | HB27: =IF(OR(GZ27>=0,GZ27="INDETERMINADO"),"CUMPLE","NO CUMPLE") -> CUMPLE | HD27: =HD21/HD24 -> 0.024860041 | HE27: =HD27 -> 0.024860041 | HF27: =IF(OR(HD27>=0,HD27="INDETERMINADO"),"CUMPLE","NO CUMPLE") -> CUMPLE | HH27: =HH21/HH24 -> 0.83464498 | HI27: =HH27 -> 0.83464498 | HJ27: =IF(OR(HH27>=0,HH27="INDETERMINADO"),"CUMPLE","NO CUMPLE") -> CUMPLE | HL27: =HL21/HL24 -> 0.18403944 | HM27: =HL27 -> 0.18403944 | HN27: =IF(OR(HL27>=0,HL27="INDETERMINADO"),"CUMPLE","NO CUMPLE") -> CUMPLE | HP27: =HP21/HP24 -> 0.20808763 | HQ27: =HP27 -> 0.20808763 | HR27: =IF(OR(HP27>=0,HP27="INDETERMINADO"),"CUMPLE","NO CUMPLE") -> CUMPLE | HT27: =HT21/HT24 -> 0.015701272 | HU27: =HT27 -> 0.015701272 | HV27: =IF(OR(HT27>=0,HT27="INDETERMINADO"),"CUMPLE","NO CUMPLE") -> CUMPLE | HX27: =HX21/HX24 -> 0.2382315 | HY27: =HX27 -> 0.2382315 | HZ27: =IF(OR(HX27>=0,HX27="INDETERMINADO"),"CUMPLE","NO CUMPLE") -> CUMPLE | IB27: =IB21/IB24 -> 0.03545531 | IC27: =IB27 -> 0.03545531 | ID27: =IF(OR(IB27>=0,IB27="INDETERMINADO"),"CUMPLE","NO CUMPLE") -> CUMPLE | IF27: =IF21/IF24 -> 0.15770509 | IG27: =IF27 -> 0.15770509 | IH27: =IF(OR(IF27>=0,IF27="INDETERMINADO"),"CUMPLE","NO CUMPLE") -> CUMPLE | IJ27: 0.67818678 | IK27: 0.67818678 | IL27: CUMPLE | IN27: 0.11746673 | IP27: CUMPLE | IR27: 0.087866729 | IT27: CUMPLE | IV27: 0.20807649 | IX27: CUMPLE | IZ27: 0.062238988 | JB27: CUMPLE | JD27: 0.16742902 | JF27: CUMPLE | JH27: 0.045282221 | JJ27: CUMPLE | JL27: 0.17149912 | JN27: CUMPLE | JP27: 0.1288558 | JR27: CUMPLE | JT27: 0.17149912 | JV27: CUMPLE | JX27: 0.24345665 | JZ27: CUMPLE | KB27: 0.31313133 | KD27: CUMPLE
A29: RESULTADO VERIFICACIÓN REQUISITOS HABILITANTES FINANCIEROS | D29: NO CUMPLE | H29: CUMPLE | L29: CUMPLE | P29: CUMPLE | T29: CUMPLE | X29: CUMPLE | AB29: CUMPLE | AF29: CUMPLE | AJ29: CUMPLE | AN29: NO CUMPLE | AR29: CUMPLE | AV29: CUMPLE | AZ29: CUMPLE | BD29: CUMPLE | BH29: CUMPLE | BL29: CUMPLE | BP29: CUMPLE | BT29: CUMPLE | BX29: CUMPLE | CB29: CUMPLE | CF29: CUMPLE | CJ29: CUMPLE | CN29: CUMPLE | CR29: CUMPLE | CV29: CUMPLE | CZ29: CUMPLE | DD29: CUMPLE | DH29: CUMPLE | DL29: CUMPLE | DP29: CUMPLE | DT29: CUMPLE | DX29: CUMPLE | EB29: CUMPLE | EF29: CUMPLE | EJ29: CUMPLE | EN29: CUMPLE | ER29: CUMPLE | EV29: CUMPLE | EZ29: CUMPLE | FD29: CUMPLE | FH29: CUMPLE | FL29: CUMPLE | FP29: CUMPLE | FT29: CUMPLE | FX29: CUMPLE | GB29: CUMPLE | GF29: CUMPLE | GJ29: CUMPLE | GN29: CUMPLE | GR29: CUMPLE | GV29: CUMPLE | GZ29: CUMPLE | HD29: CUMPLE | HH29: CUMPLE | HL29: CUMPLE | HP29: CUMPLE | HT29: CUMPLE | HX29: CUMPLE | IB29: CUMPLE | IF29: CUMPLE | IJ29: NO CUMPLE | IN29: CUMPLE | IR29: CUMPLE | IV29: CUMPLE | IZ29: CUMPLE | JD29: CUMPLE | JH29: CUMPLE | JL29: CUMPLE | JP29: CUMPLE | JT29: CUMPLE | JX29: CUMPLE | KB29: NO CUMPLE
A32: Proyectó: Diego Alejandro Martinez Gomez-Contratista Natalia Rodríguez Sarmiento-Contratista Laura Valentina Medina Leal

Sheet OPERACIONES
A1: DATOS PARA LAS EVALUACIONES FINANCIERAS
A2: NOMBRE PARTICIPANTES | B2: % PARTICIPACIÓN | C2: FECHA RUP | D2: ACTIVO CORRIENTE | E2: PASIVO CORRIENTE | F2: PASIVO TOTAL | G2: ACTIVO TOTAL | H2: UTILIDAD OPERACIONAL | I2: PATRIMONIO | J2: GASTO DE INTERES | K2: TOTAL ACTIVO CON EL % | L2: TOTAL PASIVOS CON EL % | M2: PASIVO TOTAL CON EL % | N2: ACTIVO TOTAL CON EL % | O2: UTILIDAD OPERACIONAL CON % | P2: PATRIMONIO CON % | Q2: GASTO INTERES CON % | R2: ACTIVO CORRIENTE TOTAL | S2: PASIVO CORRIENTE TOTAL | T2: PASIVO TOTAL EMPRESA | U2: ACTIVO TOTAL EMPRESA | V2: TOTAL UTILIDAD OPERACIONAL PROPONENTE | W2: TOTAL PATRIMONIO PROPONENTE | X2: TOTAL GASTO DE INTERES PROPONENTE
A3: PROPONENTE 1 CONSORCIO VIAL 24
A4: INGENIERIA Y CONSULTORIA GHE S.A.S. | B4: 10 | C4: 45481 | D4: 2046506772 | E4: 3184665 | F4: 9716665 | G4: 23072079 | H4: 6634712 | I4: 13355414 | J4: 19530 | K4: =D4*B4/100 -> 2.0465068e+08 | L4: =E4*B4/100 -> 318466.5 | M4: =F4*B4/100 -> 971666.5 | N4: =G4*B4/100 -> 2307207.9 | O4: =H4*B4/100 -> 663471.2 | P4: =I4*B4/100 -> 1335541.4 | Q4: =J4*B4/100 -> 1953
A5: JOSE MANUEL GUARDO POLO | B5: 90 | C5: 45467 | D5: 13039247 | E5: 559470465 | F5: 583200785 | G5: 2752125913 | H5: 191745943 | I5: 2168925128 | J5: 19834546 | K5: =D5*B5/100 -> 11735322 | L5: =E5*B5/100 -> 5.0352342e+08 | M5: =F5*B5/100 -> 5.2488071e+08 | N5: =G5*B5/100 -> 2.4769133e+09 | O5: =H5*B5/100 -> 1.7257135e+08 | P5: =I5*B5/100 -> 1.9520326e+09 | Q5: =J5*B5/100 -> 17851091 | R5: =K4+K5 -> 2.16386e+08 | S5: =L4+L5 -> 503841885 | T5: =M4+M5 -> 525852373 | U5: =N4+N5 -> 2.4792205e+09 | V5: =O4+O5 -> 1.7323482e+08 | W5: =P4+P5 -> 1.9533682e+09 | X5: =Q4+Q5 -> 17853044
A6: PROPONENTE 2 CONSORCIO METRO CINCO | M6: =F6*B6/100 -> 0 | N6: =G6*B6/100 -> 0 | O6: =H6*B6/100 -> 0 | P6: =I6*B6/100 -> 0 | Q6: =J6*B6/100 -> 0
A7: GRUPO METRO COLOMBIA S.A.S | B7: 90 | C7: 45462 | D7: 5266255849 | E7: 245055777 | F7: 245055777 | G7: 5275128729 | H7: 1212001733 | I7: 5030072952 | J7: 85991 | K7: =D7*B7/100 -> 4.7396303e+09 | L7: =E7*B7/100 -> 2.205502e+08 | M7: =F7*B7/100 -> 2.205502e+08 | N7: =G7*B7/100 -> 4.7476159e+09 | O7: =H7*B7/100 -> 1.0908016e+09 | P7: =I7*B7/100 -> 4.5270657e+09 | Q7: =J7*B7/100 -> 77391.9
A8: OSCAR ALFREDO MONTOYA CASTRO | B8: 10 | C8: 45462 | D8: 2237960568 | E8: 14838516 | F8: 2685324924 | G8: 7001308018 | H8: 164808446 | I8: 4315983094 | J8: 45068574 | K8: =D8*B8/100 -> 2.2379606e+08 | L8: =E8*B8/100 -> 1483851.6 | M8: =F8*B8/100 -> 2.6853249e+08 | N8: =G8*B8/100 -> 7.001308e+08 | O8: =H8*B8/100 -> 16480845 | P8: =I8*B8/100 -> 4.3159831e+08 | Q8: =J8*B8/100 -> 4506857.4 | R8: =K7+K8 -> 4.9634263e+09 | S8: =L7+L8 -> 2.2203405e+08 | T8: =M7+M8 -> 4.8908269e+08 | U8: =N7+N8 -> 5.4477467e+09 | V8: =O7+O8 -> 1.1072824e+09 | W8: =P7+P8 -> 4.958664e+09 | X8: =Q7+Q8 -> 4584249.3
A9: PROPONENTE 3 CONSORCIO VÍAS GMI | M9: =F9*B9/100 -> 0 | N9: =G9*B9/100 -> 0 | O9: =H9*B9/100 -> 0 | P9: =I9*B9/100 -> 0 | Q9: =J9*B9/100 -> 0
A10: MSING S.A.S | B10: 45 | C10: 45484 | D10: 3877047467 | E10: 1549179632 | F10: 1549179632 | G10: 3956856390 | H10: 469083233 | I10: 2407676758 | J10: 120874 | K10: =D10*B10/100 -> 1.7446714e+09 | L10: =E10*B10/100 -> 6.9713083e+08 | M10: =F10*B10/100 -> 6.9713083e+08 | N10: =G10*B10/100 -> 1.7805854e+09 | O10: =H10*B10/100 -> 2.1108745e+08 | P10: =I10*B10/100 -> 1.0834545e+09 | Q10: =J10*B10/100 -> 54393.3
A11: 9D SOLUCIONES INTEGRALES SAS | B11: 45 | C11: 45482 | D11: 50000000 | E11: 0 | F11: 0 | G11: 50000000 | H11: 0 | I11: 50000000 | J11: 0 | K11: =D11*B11/100 -> 22500000 | L11: =E11*B11/100 -> 0 | M11: =F11*B11/100 -> 0 | N11: =G11*B11/100 -> 22500000 | O11: =H11*B11/100 -> 0 | P11: =I11*B11/100 -> 22500000 | Q11: =J11*B11/100 -> 0
A12: GRMM S.A.S | B12: 10 | C12: 45484 | D12: 399907538 | E12: 180743780 | F12: 180743780 | G12: 401478688 | H12: 88380376 | I12: 220734908 | J12: 0 | K12: =D12*B12/100 -> 39990754 | L12: =E12*B12/100 -> 18074378 | M12: =F12*B12/100 -> 18074378 | N12: =G12*B12/100 -> 40147869 | O12: =H12*B12/100 -> 8838037.6 | P12: =I12*B12/100 -> 22073491 | Q12: =J12*B12/100 -> 0 | R12: =K10++K11+K12 -> 1.8071621e+09 | S12: =L10+L11+L12 -> 7.1520521e+08 | T12: =M10+M11+M12 -> 7.1520521e+08 | U12: =N10+N11+N12 -> 1.8432332e+09 | V12: =O10+O11+O12 -> 2.1992549e+08 | W12: =P10+P11+P12 -> 1.128028e+09 | X12: =Q10+Q11+Q12 -> 54393.3
A13: PROPONENTE 4 CONSORCIO AESA - BALER | M13: =F13*B13/100 -> 0 | N13: =G13*B13/100 -> 0 | O13: =H13*B13/100 -> 0 | P13: =I13*B13/100 -> 0
A14: AESA PROYECTOS S.A.S | B14: 50 | C14: 45468 | D14: 1225542219 | E14: 220837026 | F14: 844679062 | G14: 1242746309 | H14: 108458396 | I14: 398067247 | J14: 55165 | K14: =D14*B14/100 -> 6.1277111e+08 | L14: =E14*B14/100 -> 110418513 | M14: =F14*B14/100 -> 422339531 | N14: =G14*B14/100 -> 6.2137315e+08 | O14: =H14*B14/100 -> 54229198 | P14: =I14*B14/100 -> 1.9903362e+08 | Q14: =J14*B14/100 -> 27582.5
A15: BALER INGENIERÍA S.A.S | B15: 50 | C15: 45475 | D15: 1081872006 | E15: 125306604 | F15: 295306604 | G15: 1317924544 | H15: 208405912 | I15: 1022617940 | J15: 2183841 | K15: =D15*B15/100 -> 540936003 | L15: =E15*B15/100 -> 62653302 | M15: =F15*B15/100 -> 147653302 | N15: =G15*B15/100 -> 658962272 | O15: =H15*B15/100 -> 104202956 | P15: =I15*B15/100 -> 511308970 | Q15: =J15*B15/100 -> 1091920.5 | R15: =K14+K15 -> 1.1537071e+09 | S15: =L14+L15 -> 173071815 | T15: =M14+M15 -> 569992833 | U15: =N14+N15 -> 1.2803354e+09 | V15: =O14+O15 -> 158432154 | W15: =P14+P15 -> 7.1034259e+08 | X15: =Q14+Q15 -> 1119503
A16: PROPONENTE 5 ALDEIC SAS BIC GRAN EMPRESA | K16: =D16*B16/100 -> 0 | L16: =E16*B16/100 -> 0 | M16: =F16*B16/100 -> 0 | N16: =G16*B16/100 -> 0 | O16: =H16*B16/100 -> 0 | P16: =I16*B16/100 -> 0 | Q16: =J16*B16/100 -> 0
A17: ALDEIC SAS BIC | B17: 100 | C17: 45481 | D17: 1497049088 | E17: 72523300 | F17: 277523300 | G17: 1497049088 | H17: 177585959 | I17: 1219525788 | J17: 0 | K17: =D17*B17/100 -> 1497049088 | L17: =E17*B17/100 -> 72523300 | M17: =F17*B17/100 -> 277523300 | N17: =G17*B17/100 -> 1497049088 | O17: =H17*B17/100 -> 177585959 | P17: =I17*B17/100 -> 1219525788 | Q17: =J17*B17/100 -> 0 | R17: =K17 -> 1497049088 | S17: =L17 -> 72523300 | T17: =M17 -> 277523300 | U17: =N17 -> 1497049088 | V17: =O17 -> 177585959 | W17: =P17 -> 1219525788 | X17: =Q16 -> 0
A18: PROPONENTE 6. CONSERVACION AN | K18: =D18*B18/100 -> 0 | L18: =E18*B18/100 -> 0 | M18: =F18*B18/100 -> 0 | N18: =G18*B18/100 -> 0 | O18: =H18*B18/100 -> 0 | P18: =I18*B18/100 -> 0 | Q18: =J18*B18/100 -> 0
A19: INGENIERIA DE PROYECTOS S.A.S. | B19: 50 | C19: 45483 | D19: 23106548000 | E19: 3301001000 | F19: 4969901000 | G19: 24841254000 | H19: 1108115000 | I19: 19871353000 | J19: 12681000 | K19: =D19*B19/100 -> 11553274000 | L19: =E19*B19/100 -> 1650500500 | M19: =F19*B19/100 -> 2484950500 | N19: =G19*B19/100 -> 12420627000 | O19: =H19*B19/100 -> 554057500 | P19: =I19*B19/100 -> 9935676500 | Q19: =J19*B19/100 -> 6340500
A20: INGECO INGENIERIA DE CONSTRUCCIONES S.A.S | B20: 50 | C20: 45483 | D20: 4403790144 | E20: 470920848 | F20: 614925016 | G20: 5003523704 | H20: 455686747 | I20: 4388598688 | J20: 227046000 | K20: =D20*B20/100 -> 2201895072 | L20: =E20*B20/100 -> 235460424 | M20: =F20*B20/100 -> 307462508 | N20: =G20*B20/100 -> 2501761852 | O20: =H20*B20/100 -> 2.2784337e+08 | P20: =I20*B20/100 -> 2194299344 | Q20: =J20*B20/100 -> 113523000 | R20: =K19+K20 -> 13755169072 | S20: =L19+L20 -> 1885960924 | T20: =M19+M20 -> 2792413008 | U20: =N19+N20 -> 14922388852 | V20: =O19+O20 -> 7.8190087e+08 | W20: =P19+P20 -> 12129975844 | X20: =Q19+Q20 -> 119863500
A21: PROPONENTE 7. INTERSA S.A. | K21: =D21*B21/100 -> 0 | L21: =E21*B21/100 -> 0 | M21: =F21*B21/100 -> 0 | N21: =G21*B21/100 -> 0 | O21: =H21*B21/100 -> 0 | P21: =I21*B21/100 -> 0 | Q21: =J21*B21/100 -> 0
A22: INTERSA S.A. | B22: 100 | C22: 45483 | D22: 3238017000 | E22: 971804000 | F22: 1304923000 | G22: 3287699000 | H22: 185931000 | I22: 1982776000 | J22: 53814000 | K22: =D22*B22/100 -> 3238017000 | L22: =E22*B22/100 -> 971804000 | M22: =F22*B22/100 -> 1304923000 | N22: =G22*B22/100 -> 3287699000 | O22: =H22*B22/100 -> 185931000 | P22: =I22*B22/100 -> 1982776000 | Q22: =J22*B22/100 -> 53814000 | R22: =K22 -> 3238017000 | S22: =L22 -> 971804000 | T22: =M22 -> 1304923000 | U22: =N22 -> 3287699000 | V22: =O22 -> 185931000 | W22: =P22 -> 1982776000 | X22: =Q22 -> 53814000
A23: PROPONENTE 8. Consorcio Inper 003 TIENE CORTE 31-12-2023 | K23: =D23*B23/100 -> 0 | L23: =E23*B23/100 -> 0 | M23: =F23*B23/100 -> 0 | N23: =G23*B23/100 -> 0 | O23: =H23*B23/100 -> 0 | P23: =I23*B23/100 -> 0 | Q23: =J23*B23/100 -> 0
A24: Injerr S.A.S. | B24: 90 | C24: 45572 | D24: 458193994 | E24: 17684235 | F24: 136614927 | G24: 889510064 | H24: 340270668 | I24: 752895137 | J24: 19036000 | K24: =D24*B24/100 -> 4.1237459e+08 | L24: =E24*B24/100 -> 15915812 | M24: =F24*B24/100 -> 1.2295343e+08 | N24: =G24*B24/100 -> 8.0055906e+08 | O24: =H24*B24/100 -> 3.062436e+08 | P24: =I24*B24/100 -> 6.7760562e+08 | Q24: =J24*B24/100 -> 17132400
A25: Javier José Pereira Areiza | B25: 10 | C25: 45481 | D25: 1893035691 | E25: 38805267 | F25: 237446805 | G25: 2063375691 | H25: 647578167 | I25: 1825928886 | J25: 2975109 | K25: =D25*B25/100 -> 1.8930357e+08 | L25: =E25*B25/100 -> 3880526.7 | M25: =F25*B25/100 -> 23744680 | N25: =G25*B25/100 -> 2.0633757e+08 | O25: =H25*B25/100 -> 64757817 | P25: =I25*B25/100 -> 1.8259289e+08 | Q25: =J25*B25/100 -> 297510.9 | R25: =K24+K25 -> 6.0167816e+08 | S25: =L24+L25 -> 19796338 | T25: =M24+M25 -> 1.4669811e+08 | U25: =N24+N25 -> 1.0068966e+09 | V25: =O24+O25 -> 3.7100142e+08 | W25: =P24+P25 -> 8.6019851e+08 | X25: =Q24+Q25 -> 17429911
A26: PROPONENTE 9 CONSORCIO MALLA VIAL | K26: =D26*B26/100 -> 0 | L26: =E26*B26/100 -> 0 | M26: =F26*B26/100 -> 0 | N26: =G26*B26/100 -> 0 | O26: =H26*B26/100 -> 0 | P26: =I26*B26/100 -> 0 | Q26: =J26*B26/100 -> 0
A27: 2C INGENIEROS SA | B27: 90 | C27: 45467 | D27: 5984805780 | E27: 160720347 | F27: 487881187 | G27: 806596770 | H27: 33269808 | I27: 318715583 | J27: 1902330 | K27: =D27*B27/100 -> 5386325202 | L27: =E27*B27/100 -> 1.4464831e+08 | M27: =F27*B27/100 -> 4.3909307e+08 | N27: =G27*B27/100 -> 725937093 | O27: =H27*B27/100 -> 29942827 | P27: =I27*B27/100 -> 2.8684402e+08 | Q27: =J27*B27/100 -> 1712097
A28: 2CC INGENIEROS SAS BIC | B28: 10 | C28: 45483 | D28: 330566770 | E28: 160720347 | F28: 487881187 | G28: 806596770 | H28: 33269808 | I28: 318715583 | J28: 1902330 | K28: =D28*B28/100 -> 33056677 | L28: =E28*B28/100 -> 16072035 | M28: =F28*B28/100 -> 48788119 | N28: =G28*B28/100 -> 80659677 | O28: =H28*B28/100 -> 3326980.8 | P28: =I28*B28/100 -> 31871558 | Q28: =J28*B28/100 -> 190233 | R28: =K27+K28 -> 5419381879 | S28: =L27+L28 -> 160720347 | T28: =M27+M28 -> 487881187 | U28: =N27+N28 -> 806596770 | V28: =O27+O28 -> 33269808 | W28: =P27+P28 -> 318715583 | X28: =Q27+Q28 -> 1902330
A29: PROPONENTE 10 Consultores Donovan S.A.S | K29: =D29*B29/100 -> 0 | L29: =E29*B29/100 -> 0 | M29: =F29*B29/100 -> 0 | N29: =G29*B29/100 -> 0 | O29: =H29*B29/100 -> 0 | P29: =I29*B29/100 -> 0 | Q29: =J29*B29/100 -> 0
A30: Consultores Donovan S.A.S | B30: 100 | C30: 45460 | D30: 5047281689 | E30: 827483542 | F30: 2287133103 | G30: 5164128096 | H30: 26464971 | I30: 2876994993 | J30: 22520291 | K30: =D30*B30/100 -> 5047281689 | L30: =E30*B30/100 -> 827483542 | M30: =F30*B30/100 -> 2287133103 | N30: =G30*B30/100 -> 5164128096 | O30: =H30*B30/100 -> 26464971 | P30: =I30*B30/100 -> 2876994993 | Q30: =J30*B30/100 -> 22520291 | R30: =K30 -> 5047281689 | S30: =L30 -> 827483542 | T30: =M30 -> 2287133103 | U30: =N30 -> 5164128096 | V30: =O30 -> 26464971 | W30: =P30 -> 2876994993 | X30: =Q30 -> 22520291
A31: PROPONENTE 11 PROES INGENIERÍA S.A.S | K31: =D31*B31/100 -> 0 | L31: =E31*B31/100 -> 0 | M31: =F31*B31/100 -> 0 | N31: =G31*B31/100 -> 0 | O31: =H31*B31/100 -> 0 | P31: =I31*B31/100 -> 0 | Q31: =J31*B31/100 -> 0
A32: PROES INGENIERÍA S.A.S | B32: 100 | C32: 45462 | D32: 2034116355 | E32: 1059401070 | F32: 2086464752 | G32: 3083626064 | H32: 928960127 | I32: 997161312 | J32: 70881043 | K32: =D32*B32/100 -> 2034116355 | L32: =E32*B32/100 -> 1059401070 | M32: =F32*B32/100 -> 2086464752 | N32: =G32*B32/100 -> 3083626064 | O32: =H32*B32/100 -> 928960127 | P32: =I32*B32/100 -> 997161312 | Q32: =J32*B32/100 -> 70881043 | R32: =K32 -> 2034116355 | S32: =L32 -> 1059401070 | T32: =M32 -> 2086464752 | U32: =N32 -> 3083626064 | V32: =O32 -> 928960127 | W32: =P32 -> 997161312 | X32: =Q32 -> 70881043
A33: PROPONENTE 12 LOGIA 3 ASOCIADOS SAS – BIC | K33: =D33*B33/100 -> 0 | L33: =E33*B33/100 -> 0 | M33: =F33*B33/100 -> 0 | N33: =G33*B33/100 -> 0 | O33: =H33*B33/100 -> 0 | P33: =I33*B33/100 -> 0 | Q33: =J33*B33/100 -> 0
A34: LOGIA 3 ASOCIADOS SAS – BIC | B34: 100 | C34: 45457 | D34: 1695535303 | E34: 273714705 | F34: 323714705 | G34: 1861030267 | H34: 553611804 | I34: 1537315562 | J34: 5656784 | K34: =D34*B34/100 -> 1695535303 | L34: =E34*B34/100 -> 273714705 | M34: =F34*B34/100 -> 323714705 | N34: =G34*B34/100 -> 1861030267 | O34: =H34*B34/100 -> 553611804 | P34: =I34*B34/100 -> 1537315562 | Q34: =J34*B34/100 -> 5656784 | R34: =K34 -> 1695535303 | S34: =L34 -> 273714705 | T34: =M34 -> 323714705 | U34: =N34 -> 1861030267 | V34: =O34 -> 553611804 | W34: =P34 -> 1537315562 | X34: =Q34 -> 5656784
A35: PROPONENTE 13 CONSORCIO HUPERNIKAO ANTONIO NARIÑO | K35: =D35*B35/100 -> 0 | L35: =E35*B35/100 -> 0 | M35: =F35*B35/100 -> 0 | N35: =G35*B35/100 -> 0 | O35: =H35*B35/100 -> 0 | P35: =I35*B35/100 -> 0 | Q35: =J35*B35/100 -> 0
A36: HUPERNIKAO INGENIERIA S.A.S | B36: 90 | C36: 45482 | D36: 1135425851 | E36: 182730870 | F36: 337568087 | G36: 1243457723 | H36: 204247623 | I36: 905889636 | J36: 281179 | K36: =D36*B36/100 -> 1.0218833e+09 | L36: =E36*B36/100 -> 164457783 | M36: =F36*B36/100 -> 3.0381128e+08 | N36: =G36*B36/100 -> 1.119112e+09 | O36: =H36*B36/100 -> 1.8382286e+08 | P36: =I36*B36/100 -> 8.1530067e+08 | Q36: =J36*B36/100 -> 253061.1
A37: CONSULTORIA TECNICA DE OBRAS S.A.S | B37: 10 | C37: 45482 | D37: 559568629 | E37: 441075083 | F37: 441075083 | G37: 987380781 | H37: 248930117 | I37: 546305698 | J37: 4806851 | K37: =D37*B37/100 -> 55956863 | L37: =E37*B37/100 -> 44107508 | M37: =F37*B37/100 -> 44107508 | N37: =G37*B37/100 -> 98738078 | O37: =H37*B37/100 -> 24893012 | P37: =I37*B37/100 -> 54630570 | Q37: =J37*B37/100 -> 480685.1 | R37: =K36+K37 -> 1.0778401e+09 | S37: =L36+L37 -> 2.0856529e+08 | T37: =M36+M37 -> 3.4791879e+08 | U37: =N36+N37 -> 1.21785e+09 | V37: =O36+O37 -> 2.0871587e+08 | W37: =P36+P37 -> 8.6993124e+08 | X37: =Q36+Q37 -> 733746.2
A38: PROPONENTE 14 GEOTECNIA Y CIMIENTOS INGEOCIM S.A.S | K38: =D38*B38/100 -> 0 | L38: =E38*B38/100 -> 0 | M38: =F38*B38/100 -> 0 | N38: =G38*B38/100 -> 0 | O38: =H38*B38/100 -> 0 | P38: =I38*B38/100 -> 0 | Q38: =J38*B38/100 -> 0
A39: GEOTECNIA Y CIMIENTOS INGEOCIM S.A.S | B39: 100 | C39: 45463 | D39: 16807870436 | E39: 4877307408 | F39: 7639557061 | G39: 17021364369 | H39: 1552515219 | I39: 9381807308 | J39: 3018252 | K39: =D39*B39/100 -> 16807870436 | L39: =E39*B39/100 -> 4877307408 | M39: =F39*B39/100 -> 7639557061 | N39: =G39*B39/100 -> 17021364369 | O39: =H39*B39/100 -> 1552515219 | P39: =I39*B39/100 -> 9381807308 | Q39: =J39*B39/100 -> 3018252 | R39: =K39 -> 16807870436 | S39: =L39 -> 4877307408 | T39: =M39 -> 7639557061 | U39: =N39 -> 17021364369 | V39: =O39 -> 1552515219 | W39: =P39 -> 9381807308 | X39: =Q39 -> 3018252
A40: PROPONENTE 15 SESAC S.A | K40: =D40*B40/100 -> 0 | L40: =E40*B40/100 -> 0 | M40: =F40*B40/100 -> 0 | N40: =G40*B40/100 -> 0 | O40: =H40*B40/100 -> 0 | P40: =I40*B40/100 -> 0 | Q40: =J40*B40/100 -> 0
A41: SESAC S.A | B41: 100 | C41: 45463 | D41: 3596832567 | E41: 463426683 | F41: 592968124 | G41: 3879983491 | H41: 718766255 | I41: 3287015367 | J41: 82797537 | K41: =D41*B41/100 -> 3596832567 | L41: =E41*B41/100 -> 463426683 | M41: =F41*B41/100 -> 592968124 | N41: =G41*B41/100 -> 3879983491 | O41: =H41*B41/100 -> 718766255 | P41: =I41*B41/100 -> 3287015367 | Q41: =J41*B41/100 -> 82797537 | R41: =K41 -> 3596832567 | S41: =L41 -> 463426683 | T41: =M41 -> 592968124 | U41: =N41 -> 3879983491 | V41: =O41 -> 718766255 | W41: =P41 -> 3287015367 | X41: =Q41 -> 82797537
A42: PROPONENTE 16 CONSORCIO INTER L&J | K42: =D42*B42/100 -> 0 | L42: =E42*B42/100 -> 0 | M42: =F42*B42/100 -> 0 | N42: =G42*B42/100 -> 0 | O42: =H42*B42/100 -> 0 | P42: =I42*B42/100 -> 0 | Q42: =J42*B42/100 -> 0
A43: JMELO INGENIERIA DE PROYECTOS SAS | B43: 50 | C43: 45484 | D43: 160510000 | E43: 27498000 | F43: 263269000 | G43: 756134000 | H43: 37570000 | I43: 492865000 | J43: 0 | K43: =D43*B43/100 -> 80255000 | L43: =E43*B43/100 -> 13749000 | M43: =F43*B43/100 -> 131634500 | N43: =G43*B43/100 -> 378067000 | O43: =H43*B43/100 -> 18785000 | P43: =I43*B43/100 -> 246432500 | Q43: =J43*B43/100 -> 0
A44: LUIS GUILLERMO NARVAEZ RICARDO | B44: 50 | C44: 45470 | D44: 1606642812 | E44: 110012730 | F44: 110012730 | G44: 2791325801 | H44: 256914365 | I44: 2681313071 | J44: 3451250 | K44: =D44*B44/100 -> 803321406 | L44: =E44*B44/100 -> 55006365 | M44: =F44*B44/100 -> 55006365 | N44: =G44*B44/100 -> 1.3956629e+09 | O44: =H44*B44/100 -> 1.2845718e+08 | P44: =I44*B44/100 -> 1.3406565e+09 | Q44: =J44*B44/100 -> 1725625 | R44: =K43+K44 -> 883576406 | S44: =L43+L44 -> 68755365 | T44: =M43+M44 -> 186640865 | U44: =N43+N44 -> 1.7737299e+09 | V44: =O43+O44 -> 1.4724218e+08 | W44: =P43+P44 -> 1.587089e+09 | X44: =Q43+Q44 -> 1725625
A45: PROPONENTE 17 GRUPO POSSO S.A.S L&J | K45: =D45*B45/100 -> 0 | L45: =E45*B45/100 -> 0 | M45: =F45*B45/100 -> 0 | N45: =G45*B45/100 -> 0 | O45: =H45*B45/100 -> 0 | P45: =I45*B45/100 -> 0 | Q45: =J45*B45/100 -> 0
A46: GRUPO POSSO S.A.S. | B46: 90 | C46: 45483 | D46: 8300494293 | E46: 3934391976 | F46: 4517282511 | G46: 12253557034 | H46: 1220366475 | I46: 7736274523 | J46: 459546604 | K46: =D46*B46/100 -> 7.4704449e+09 | L46: =E46*B46/100 -> 3.5409528e+09 | M46: =F46*B46/100 -> 4.0655543e+09 | N46: =G46*B46/100 -> 1.1028201e+10 | O46: =H46*B46/100 -> 1.0983298e+09 | P46: =I46*B46/100 -> 6.9626471e+09 | Q46: =J46*B46/100 -> 4.1359194e+08
A47: POSSO GONZÁLEZ INGENIEROS Y ASOCIADOS S.A.S. | B47: 10 | C47: 45463 | D47: 1217651410 | E47: 410741541 | F47: 410741541 | G47: 1217651410 | H47: 83824278 | I47: 806909869 | J47: 680000 | K47: =D47*B47/100 -> 121765141 | L47: =E47*B47/100 -> 41074154 | M47: =F47*B47/100 -> 41074154 | N47: =G47*B47/100 -> 121765141 | O47: =H47*B47/100 -> 8382427.8 | P47: =I47*B47/100 -> 80690987 | Q47: =J47*B47/100 -> 68000 | R47: =K46+K47 -> 7.59221e+09 | S47: =L46+L47 -> 3.5820269e+09 | T47: =M46+M47 -> 4106628414 | U47: =N46+N47 -> 1.1149966e+10 | V47: =O46+O47 -> 1.1067123e+09 | W47: =P46+P47 -> 7.0433381e+09 | X47: =Q46+Q47 -> 4.1365994e+08
A48: PROPONENTE 18 NOGAALL S.A.S | M48: =F48*B48/100 -> 0 | N48: =G48*B48/100 -> 0 | O48: =H48*B48/100 -> 0 | P48: =I48*B48/100 -> 0 | Q48: =J48*B48/100 -> 0
A49: NOGAALL S.A.S | B49: 100 | C49: 45479 | D49: 5426605201 | E49: 1459159314 | F49: 4358658015 | G49: 8861161094 | H49: 1027197682 | I49: 4502503079 | J49: 45990742 | K49: =D49*B49/100 -> 5426605201 | L49: =E49*B49/100 -> 1459159314 | M49: =F49*B49/100 -> 4358658015 | N49: =G49*B49/100 -> 8861161094 | O49: =H49*B49/100 -> 1027197682 | P49: =I49*B49/100 -> 4502503079 | Q49: =J49*B49/100 -> 45990742 | R49: =K49 -> 5426605201 | S49: =L49 -> 1459159314 | T49: =M49 -> 4358658015 | U49: =N49 -> 8861161094 | V49: =O49 -> 1027197682 | W49: =P49 -> 4502503079 | X49: =Q49 -> 45990742
A50: PROPONENTE 19 NPROYECTOS Y CONSULTORÍAS ORIÓN SAS | M50: =F50*B50/100 -> 0 | N50: =G50*B50/100 -> 0 | O50: =H50*B50/100 -> 0 | P50: =I50*B50/100 -> 0 | Q50: =J50*B50/100 -> 0
A51: PROYECTOS Y CONSULTORÍAS ORIÓN SAS | B51: 70 | C51: 45462 | D51: 409976000 | E51: 175554000 | F51: 175554000 | G51: 432893000 | H51: 255089000 | I51: 257339000 | J51: 0 | K51: =D51*B51/100 -> 286983200 | L51: =E51*B51/100 -> 122887800 | M51: =F51*B51/100 -> 122887800 | N51: =G51*B51/100 -> 303025100 | O51: =H51*B51/100 -> 178562300 | P51: =I51*B51/100 -> 180137300 | Q51: =J51*B51/100 -> 0
A52: VÍCTOR HUGO MARTÍNEZ BRAVO | B52: 30 | C52: 45484 | D52: 3057200000 | E52: 350000000 | F52: 350000000 | G52: 4759700000 | H52: 591000000 | I52: 4409700000 | J52: 15200000 | K52: =D52*B52/100 -> 917160000 | L52: =E52*B52/100 -> 105000000 | M52: =F52*B52/100 -> 105000000 | N52: =G52*B52/100 -> 1427910000 | O52: =H52*B52/100 -> 177300000 | P52: =I52*B52/100 -> 1322910000 | Q52: =J52*B52/100 -> 4560000 | R52: =K51+K52 -> 1204143200 | S52: =L51+L52 -> 227887800 | T52: =M51+M52 -> 227887800 | U52: =N51+N52 -> 1730935100 | V52: =O52+O51 -> 355862300 | W52: =P51+P52 -> 1503047300 | X52: =Q51+Q52 -> 4560000
A53: PROPONENTE 20 VELNEC S.A. | M53: =F53*B53/100 -> 0 | N53: =G53*B53/100 -> 0 | O53: =H53*B53/100 -> 0 | P53: =I53*B53/100 -> 0 | Q53: =J53*B53/100 -> 0
A54: VELNEC S.A. | B54: 100 | C54: 45484 | D54: 6718327378 | E54: 2740157238 | F54: 4928180379 | G54: 11488985605 | H54: 603418107 | I54: 6560805226 | J54: 121583805 | K54: =D54*B54/100 -> 6718327378 | L54: =E54*B54/100 -> 2740157238 | M54: =F54*B54/100 -> 4928180379 | N54: =G54*B54/100 -> 11488985605 | O54: =H54*B54/100 -> 603418107 | P54: =I54*B54/100 -> 6560805226 | Q54: =J54*B54/100 -> 121583805 | R54: =K54 -> 6718327378 | S54: =L54 -> 2740157238 | T54: =M54 -> 4928180379 | U54: =N54 -> 11488985605 | V54: =O54 -> 603418107 | W54: =P54 -> 6560805226 | X54: =Q54 -> 121583805
K92: =D92*B92/100 -> 0
K93: =D93*B93/100 -> 0
K94: =D94*B94/100 -> 0
K95: =D95*B95/100 -> 0
K96: =D96*B96/100 -> 0
K97: =D97*B97/100 -> 0
K98: =D98*B98/100 -> 0
K99: =D99*B99/100 -> 0
K100: =D100*B100/100 -> 0
K101: =D101*B101/100 -> 0
K102: =D102*B102/100 -> 0
K103: =D103*B103/100 -> 0
... K112: =D112*B112/100 -> 0

Sheet PORCENTAJES
A1: ASOCIADO | B1: PORCENTAJE DE PARTICIPACION
A2: JARGU SA CORREDORES DE SEGUROS | B2: 0.9
A3: PIZANO ECHEVERRI Y ASOCIADOS LTDA ASESORES DE SEGUROS | B3: 0.1
A6: ACT CTE | C6: PAS CTE | E6: PAS TOTAL | G6: ACT TOTAL | I6: UTIL OPER | K6: GASTOS INT | M6: PATRIMONIO
A7: JARGU SA CORREDORES DE SEGUROS | B7: 11809660883 | C7: JARGU SA CORREDORES DE SEGUROS | D7: 2713599201 | E7: JARGU SA CORREDORES DE SEGUROS | F7: 2961025226 | G7: JARGU SA CORREDORES DE SEGUROS | H7: 14251140237 | I7: JARGU SA CORREDORES DE SEGUROS | J7: 8491587421 | K7: JARGU SA CORREDORES DE SEGUROS | L7: 0 | M7: JARGU SA CORREDORES DE SEGUROS | N7: 11290115011
A8: PIZANO ECHEVERRI Y ASOCIADOS LTDA ASESORES DE SEGUROS | B8: 59072900 | C8: PIZANO ECHEVERRI Y ASOCIADOS LTDA ASESORES DE SEGUROS | D8: 30824800 | E8: PIZANO ECHEVERRI Y ASOCIADOS LTDA ASESORES DE SEGUROS | F8: 86409400 | G8: PIZANO ECHEVERRI Y ASOCIADOS LTDA ASESORES DE SEGUROS | H8: 145780400 | I8: PIZANO ECHEVERRI Y ASOCIADOS LTDA ASESORES DE SEGUROS | J8: 74234100 | K8: PIZANO ECHEVERRI Y ASOCIADOS LTDA ASESORES DE SEGUROS | L8: 6945500 | M8: PIZANO ECHEVERRI Y ASOCIADOS LTDA ASESORES DE SEGUROS | N8: 59371000
A9: TOTAL | B9: =SUM(B7:B8) -> 11868733783 | C9: TOTAL | D9: =SUM(D7:D8) -> 2744424001 | E9: TOTAL | F9: =SUM(F7:F8) -> 3047434626 | G9: TOTAL | H9: =SUM(H7:H8) -> 14396920637 | I9: TOTAL | J9: =SUM(J7:J8) -> 8565821521 | K9: TOTAL | L9: =SUM(L7:L8) -> 6945500 | M9: TOTAL | N9: =SUM(N7:N8) -> 11349486011
